 Dungeon Crawl Stone Soup version 0.24.1-14-gf8d2b509d9 (webtiles) character file.

Game seed: 12933624004386168954, levelgen mode: deterministic

13354992 TittyCrusher the Phalangite (level 27, 277/277 HPs)
             Began as a Centaur Gladiator on Mar 5, 2023.
             Was the Champion of the Shining One.
             Escaped with the Orb
             ... and 15 runes on Mar 6, 2023!
             The game lasted 07:39:48 (120033 turns).

TittyCrusher the Phalangite (Centaur Gladiator)   Turns: 120033, Time: 07:39:49

Health: 277/277    AC: 49    Str: 36    XL:     27
Magic:  32/40      EV: 24    Int: 10    God:    the Shining One [******]
Gold:   4080       SH:  0    Dex: 31    Spells: 31/39 levels left

rFire    + + .     SeeInvis +   a - +9 bardiche (holy)
rCold    + + .     Gourm    .   (shield currently unavailable)
rNeg     + + +     Faith    .   m - +8 crystal plate armour
rPois    +         Spirit   .   I - +0 mask of the Dragon {MR+ Slay+3 SInv}
rElec    +         Reflect  .   c - +0 cloak {MR+}
rCorr    .         Harm     .   U - +0 pair of gloves "Laoguc" {Dex+4}
MR       ++++.                  K - +3 centaur barding "Peorghe" {rElec rPois Int+3 Stlth+}
Stlth    ..........             g - amulet "Barew" {rElec rPois rC+ Regen+ Stlth-}
HPRegen  0.00/turn              z - ring of Sotu {Str+4 Dex+5 Stlth+}
MPRegen  0.27/turn              Y - ring "Urchicece" {rF+ Str+8 Dex+5}

@: glowing, very quick
A: large, hooves 3, rugged brown scales 1, [blurry vision 1], cold resistance 1,
deformed body, fire resistance 1, speed 2, poison resistance, inhibited
regeneration, tough skin 3, MP-powered wands
0: Orb of Zot
}: 15/15 runes: barnacled, slimy, silver, golden, iron, obsidian, icy, bone,
abyssal, demonic, glowing, magical, fiery, dark, gossamer
a: Divine Shield, Cleansing Flame, Summon Divine Warrior, Renounce Religion


You escaped.
You worshipped the Shining One.
The Shining One was exalted by your worship.
You were not hungry.

You visited 18 branches of the dungeon, and saw 90 of its levels.
You visited Pandemonium 1 time, and saw 24 of its levels.
You visited the Abyss 4 times.
You visited 2 bazaars.
You visited 1 ziggurat, and saw 6 of its levels.
You also visited: Trove, Sewer, Gauntlet, Volcano and Desolation.

You collected 9899 gold pieces.
You spent 5819 gold pieces at shops.

Inventory:

Hand Weapons
 a - a +9 bardiche of holy wrath (weapon)
 P - a +3 bardiche of electrocution
Missiles
 d - 10 throwing nets (quivered)
Armour
 c - a +0 cloak of magic resistance (worn)
 m - a +8 crystal plate armour (worn)
 y - a scarf of cloud immunity
 D - the +4 pair of gloves "Mevuoxuma" {MR- Dex+9}
   (You found it on level 5 of the Pits of Slime)

   It affects your dexterity (+9).
   It affects your resistance to hostile enchantments.
 I - the +0 mask of the Dragon (worn) {MR+ Slay+3 SInv}
   (You found it on level 4 of the Depths)

   It affects your accuracy and damage with ranged weapons and melee attacks
   (+3).
   It affects your resistance to hostile enchantments.
   It lets you see invisible.
 K - the +3 centaur barding "Peorghe" (worn) {rElec rPois Int+3 Stlth+}
   (Okawaru gifted it to you on level 4 of the Depths)

   It affects your intelligence (+3).
   It insulates you from electricity.
   It protects you from poison.
   It makes you more stealthy.
 U - the +0 pair of gloves "Laoguc" (worn) {Dex+4}
   (You found it on level 4 of the Shoals)

   It affects your dexterity (+4).
 W - a +4 centaur barding of cold resistance
Jewellery
 g - the amulet "Barew" (around neck) {rElec rPois rC+ Regen+ Stlth-}
   (You acquired it on level 1 of the Vaults)

   [amulet of regeneration]

   It protects you from cold.
   It insulates you from electricity.
   It protects you from poison.
   It increases your rate of regeneration.
   It makes you less stealthy.
 l - the ring of Mucwac {AC+5 Str+2 Dex+5}
   (You took it off a fire giant on level 2 of the Depths)

   [ring of protection]

   It affects your AC (+5).
   It affects your strength (+2).
   It affects your dexterity (+5).
 o - the ring "Gikleaz" {rN+ Str+3 Int+2}
   (You found it on level 3 of the Crypt)

   [ring of positive energy]

   It affects your strength (+3).
   It affects your intelligence (+2).
   It protects you from negative energy.
 q - the ring of Heresy {rPois rF+ Str+2 Dex+2 Stlth-}
   (You found it in a treasure trove)

   [ring of attention]

   It affects your strength (+2).
   It affects your dexterity (+2).
   It protects you from fire.
   It protects you from poison.
   It makes you less stealthy.
 s - the ring of Vodka {Wiz +Blink rElec rC+++ Str-2}
   (You found it in Pandemonium)

   [ring of wizardry]

   It improves your spell success rate.
   It affects your strength (-2).
   It renders you almost immune to cold.
   It insulates you from electricity.
   It lets you blink.
 z - the ring of Sotu (left hand) {Str+4 Dex+5 Stlth+}
   (You found it in a treasure trove)

   [ring of stealth]

   It affects your strength (+4).
   It affects your dexterity (+5).
   It makes you more stealthy.
 S - the ring of Nefecoth {rN++ Int+5 Dex+2}
   (You found it on level 3 of the Realm of Zot)

   [ring of dexterity]

   It affects your intelligence (+5).
   It affects your dexterity (+2).
   It greatly protects you from negative energy.
 Y - the ring "Urchicece" (right hand) {rF+ Str+8 Dex+5}
   (You found it in Pandemonium)

   [ring of dexterity]

   It affects your strength (+8).
   It affects your dexterity (+5).
   It protects you from fire.
Wands
 k - a wand of flame (93)
 p - a wand of enslavement (12)
 x - a wand of disintegration (27)
 J - a wand of paralysis (19)
 N - a wand of digging (16)
 R - a wand of iceblast (58)
Scrolls
 i - 13 scrolls of fear
 r - 14 scrolls of teleportation
 v - 2 scrolls of blinking
 w - 8 scrolls of fog
 A - 34 scrolls of remove curse
 F - 6 scrolls of magic mapping
 M - 10 scrolls of immolation
 O - 2 scrolls of vulnerability
 X - 7 scrolls of identify
Potions
 b - 4 potions of mutation
 j - 5 potions of flight
 n - 3 potions of magic
 t - 7 potions of heal wounds
 u - 8 potions of resistance
 B - 32 potions of curing
 C - a potion of brilliance
 E - a potion of ambrosia
 Q - 3 potions of cancellation
 V - 9 potions of lignification
Miscellaneous
 h - a lightning rod (4/4)
 G - a figurine of a ziggurat
 T - a lamp of fire
Comestibles
 f - 52 rations


   Skills:
 - Level 26.0 Fighting
 - Level 26.1 Polearms
 - Level 2.1 Throwing
 - Level 23.5 Armour
 + Level 23.3 Dodging
 - Level 6.7 Spellcasting
 - Level 13.3 Summonings
 - Level 11.0 Translocations
 - Level 26.0 Invocations
 - Level 12.3 Evocations


You had 31 spell levels left.
You knew the following spells:

 Your Spells              Type           Power        Failure   Level  Hunger
a - Apportation           Tloc           ####..       1%          1    None
b - Blink                 Tloc           N/A          1%          2    ##.....
c - Passage of Golubria   Tloc           N/A          11%         4    ####...
d - Summon Butterflies    Summ           ####....     1%          1    None

Your spell library contained the following spells:

 Spells                   Type           Power        Failure   Level  Hunger
 Summon Small Mammal      Summ           ####         1%          1    None
 Call Imp                 Summ           ####....     1%          2    ##.....
 Call Canine Familiar     Summ           ####....     1%          3    ###....
 Recall                   Summ/Tloc      N/A          1%          3    ###....
 Gell's Gravitas          Tloc           ####......   3%          3    ###....
 Lesser Beckoning         Tloc           ####......   3%          3    ###....
 Teleport Other           Tloc           ####....     3%          3    ###....
 Aura of Abjuration       Summ           ####......   12%         5    ######.
 Summon Demon             Summ           ####......   12%         5    ######.
 Shroud of Golubria       Chrm/Tloc      ##....       16%         2    ##.....
 Summon Forest            Summ/Tloc      ####......   19%         5    ######.
 Summon Guardian Golem    Hex/Summ       ###.....     21%         3    ###....
 Portal Projectile        Hex/Tloc       ##....       32%         3    ###....
 Summon Ice Beast         Ice/Summ       ###.....     54%         4    ####...
 Summon Lightning Spire   Summ/Air       ###.....     54%         4    ####...
 Shadow Creatures         Summ           N/A          54%         6    #######
 Animate Skeleton         Necr           N/A          71%         1    None
 Beastly Appendage        Tmut           #.....       71%         1    None
 Confusing Touch          Hex            #.....       71%         1    None
 Corona                   Hex            #......      71%         1    None
 Flame Tongue             Conj/Fire      #....        71%         1    None
 Freeze                   Ice            #...         71%         1    None
 Infusion                 Chrm           #...         71%         1    None
 Magic Dart               Conj           #...         71%         1    None
 Pain                     Necr           #...         71%         1    None
 Sandblast                Erth           #.....       71%         1    None
 Shock                    Conj/Air       #...         71%         1    None
 Sting                    Conj/Pois      #...         71%         1    None
 Force Lance              Conj/Tloc      ##......     71%         4    ####...
 Ensorcelled Hibernation  Hex/Ice        #.....       83%         2    ##.....
 Passwall                 Tmut/Erth      #.......     83%         2    ##.....
 Poisonous Vapours        Pois/Air       #.....       83%         2    ##.....
 Searing Ray              Conj           #.....       83%         2    ##.....
 Slow                     Hex            #.......     83%         2    ##.....
 Song of Slaying          Chrm           #.......     83%         2    ##.....
 Sticks to Snakes         Tmut           #.......     83%         2    ##.....
 Sublimation of Blood     Necr           #.........   83%         2    ##.....
 Swiftness                Chrm/Air       #.......     83%         2    ##.....
 Throw Flame              Conj/Fire      #.....       83%         2    ##.....
 Throw Frost              Conj/Ice       #.....       83%         2    ##.....
 Dispersal                Tloc           ####......   86%         6    #######
 Summon Mana Viper        Hex/Summ       ###.....     88%         5    ######.
 Confuse                  Hex            #.......     97%         3    ###....
 Conjure Flame            Conj/Fire      #.......     97%         3    ###....
 Dazzling Spray           Conj/Hex       #.....       97%         3    ###....
 Ignite Poison            Fire/Tmut/Pois #.......     97%         3    ###....
 Inner Flame              Hex/Fire       #.......     97%         3    ###....
 Mephitic Cloud           Conj/Pois/Air  #.......     97%         3    ###....
 Ozocubu's Armour         Chrm/Ice       #.......     97%         3    ###....
 Regeneration             Chrm/Necr      #.........   97%         3    ###....
 Spider Form              Tmut/Pois      #.........   97%         3    ###....
 Static Discharge         Conj/Air       #.......     97%         3    ###....
 Stone Arrow              Conj/Erth      #.....       97%         3    ###....
 Tukima's Dance           Hex            #.......     97%         3    ###....
 Vampiric Draining        Necr           #.........   97%         3    ###....
 Monstrous Menagerie      Summ           ####......   98%         7    #######
 Summon Greater Demon     Summ           ####......   98%         7    #######
 Malign Gateway           Summ/Tloc      ####......   99%         7    #######
 Airstrike                Air            #.........   100%        4    ####...
 Animate Dead             Necr           N/A          100%        4    ####...
 Cause Fear               Hex            #.........   100%        4    ####...
 Fulminant Prism          Conj/Hex       #.........   100%        4    ####...
 Ice Form                 Ice/Tmut       #.......     100%        4    ####...
 Iskenderun's Mystic Bla  Conj           #.......     100%        4    ####...
 Leda's Liquefaction      Hex/Erth       #.........   100%        4    ####...
 Olgreb's Toxic Radiance  Pois           #.......     100%        4    ####...
 Petrify                  Tmut/Erth      #.......     100%        4    ####...
 Sticky Flame             Conj/Fire      #.......     100%        4    ####...
 Throw Icicle             Conj/Ice       #.......     100%        4    ####...
 Alistair's Intoxication  Tmut/Pois      #.......     100%        5    ######.
 Blade Hands              Tmut           #.........   100%        5    ######.
 Bolt of Draining         Conj/Necr      #.........   100%        5    ######.
 Bolt of Magma            Conj/Fire/Erth #.........   100%        5    ######.
 Borgnjor's Vile Clutch   Necr/Erth      #.........   100%        5    ######.
 Excruciating Wounds      Chrm/Necr      #.........   100%        5    ######.
 Fireball                 Conj/Fire      #.........   100%        5    ######.
 Irradiate                Conj/Tmut      #.........   100%        5    ######.
 Iskenderun's Battlesphe  Conj/Chrm      #.......     100%        5    ######.
 Lee's Rapid Deconstruct  Erth           #.........   100%        5    ######.
 Lightning Bolt           Conj/Air       #.........   100%        5    ######.
 Metabolic Englaciation   Hex/Ice        #.........   100%        5    ######.
 Silence                  Hex/Air        #.........   100%        5    ######.
 Venom Bolt               Conj/Pois      #.........   100%        5    ######.
 Yara's Violent Unravell  Hex/Tmut       #.........   100%        5    ######.
 Bolt of Cold             Conj/Ice       #.........   100%        6    #######
 Bolt of Fire             Conj/Fire      #.........   100%        6    #######
 Darkness                 Hex            #.........   100%        6    #######
 Death Channel            Necr           #.........   100%        6    #######
 Deflect Missiles         Chrm/Air       #.........   100%        6    #######
 Freezing Cloud           Conj/Ice/Air   #.........   100%        6    #######
 Hydra Form               Tmut           #.........   100%        6    #######
 Invisibility             Hex            #.......     100%        6    #######
 Iron Shot                Conj/Erth      #.........   100%        6    #######
 Ozocubu's Refrigeration  Ice            #.........   100%        6    #######
 Poison Arrow             Conj/Pois      #.........   100%        6    #######
 Simulacrum               Ice/Necr       #.........   100%        6    #######
 Statue Form              Tmut/Erth      #........    100%        6    #######
 Dragon Form              Tmut           #.........   100%        7    #######
 Chain Lightning          Conj/Air       #.........   100%        8    #######
 Controlled Blink         Tloc           N/A          100%        8    #######
 Death's Door             Chrm/Necr      #.........   100%        8    #######
 Discord                  Hex            #.........   100%        8    #######
 Disjunction              Tloc           ####......   100%        8    #######
 Ignition                 Fire           #.........   100%        8    #######
 Lehudib's Crystal Spear  Conj/Erth      #.........   100%        8    #######
 Summon Horrible Things   Summ           ####......   100%        8    #######
 Dragon's Call            Summ           ####......   100%        9    #######
 Fire Storm               Conj/Fire      #.........   100%        9    #######
 Glaciate                 Conj/Ice       #.........   100%        9    #######
 Shatter                  Erth           #.........   100%        9    #######
 Tornado                  Air            #.........   100%        9    #######


Dungeon Overview and Level Annotations

Branches:
Dungeon (15/15)            Temple (1/1) D:7            Lair (6/6) D:11
 Shoals (4/4) Lair:4       Spider (4/4) Lair:3        Slime (5/5) Lair:6
    Orc (2/2) D:10            Elf (3/3) Orc:2        Vaults (5/5) D:14
  Crypt (3/3) Vaults:2       Tomb (3/3) Crypt:3      Depths (5/5) D:15
   Hell (visited)             Dis (7/7) Hell            Geh (7/7) Hell
    Coc (7/7) Hell            Tar (7/7) Hell            Zot (5/5) Depths:5
  Sewer (visited)         Volcano (visited)         Desolation (visited)
Gauntlet (visited)

Altars:
Ashenzari
Cheibriados
Dithmenos
Elyvilon
Fedhas
Gozag
Hepliaklqana
Kikubaaqudgha
Makhleb
Nemelex Xobeh
Okawaru
Qazlal
Ru
Sif Muna
Trog
Uskayaw
Vehumet
Wu Jian
Xom
Yredelemnul
Zin
The Shining One
Jiyva
Lugonu

Shops:
D:8 !   Orc:2 }[%!   Elf:1 !   Elf:2 }   Elf:3 *   Shoals:1 }   Shoals:3 =
Vaults:1 ?   Vaults:2 *   Vaults:3 *=?   Depths:2 %

Portals:
Hell: Depths:1 Depths:2 Depths:3 Depths:4 Depths:5
Abyss: Depths:4
Pandemonium: Depths:2 Depths:3

Annotations:
D:1 exclusion: downstairs, Crazy Yiuf
D:9 exclusion: downstairs
Shoals:3 exclusion: downstairs
Depths:1 exclusion: orange crystal statue
Zot:1 2 transporters
Zot:2 3 runed translucent doors, exclusion: door, Beclu's ghost, legendary GnSk


Innate Abilities, Weirdness & Mutations

You have hooves in place of feet.
Armour fits poorly on your strangely shaped body.
You cover ground very quickly.
You have extremely tough skin. (AC +3)
You are partially covered in rugged brown scales. (AC +1, +3% HP)
Your flesh is cold resistant. (rC+)
Your flesh is heat resistant. (rF+)
Your system is resistant to poisons. (rPois)
You do not regenerate when monsters are visible.
You expend magic power (3 MP) to strengthen your wands.
[Scrolls take you a little longer to read.]


Message History

You feel a surge of power!
The rock shatters into small pieces.
You start resting.
A ynoxinul comes into view.
You feel yourself slow down.
Attack whom?
Press: ? - help, Dir - move target cursor, f - ynoxinul
Aim: a ynoxinul (haloed)
You reach to attack!
You hit the ynoxinul.
The ynoxinul convulses.
The ynoxinul is lightly wounded.
You slice the ynoxinul like a ripe choko!!!!
You kill the ynoxinul!
The Shining One accepts your kill.
You feel your power returning.
There is a staircase leading out of the dungeon here.
You start resting.
Crazy Yiuf is too close now for your liking.
Crazy Yiuf zaps a wand.
You resist with almost no effort.
Crazy Yiuf says, "You came back for me."
Crazy Yiuf zaps a wand.
You resist with almost no effort.
You have escaped!

##.## #.###.#)#.# #.........
#...# #.# #.#>#.# #..######.
#...# #.# #.#.#.# #..# #.
#...# #.###.#.#.###..### #.
##.## #...).....)......####.
#.# #########......#....>.
#.# #..........#..^.....#.
#.# #.##.########....##.#.
#.# #.#..@g..........##.#.
#.# #)#....######......g..
#.# #.##'#'## #######... #.#
#....#..####### #.## #.#
##...##..##...#####.##
#.######...##...†.....#.....
#..........###........#####.
########...# ###.[...#### #.
#...############.###.


You could see Crazy Yiuf.

Vanquished Creatures
  Cerebov (Pan)
  Asmodeus (Geh:7)
  Antaeus (Coc:7)
  Ereshkigal (Tar:7)
  Gloorx Vloq (Pan)
  the Royal Jelly (Slime:5)
  Lom Lobon (Pan)
  Mnoleg (Pan)
  Dispater (Dis:7)
  3 orbs of fire (Zot:5)
  13 ancient liches
  Mara (Shoals:4)
  Mennas (Vaults:2)
  11 greater mummies
  3 juggernauts
  Boris (4 times) (Vaults:3 Depths:1 Depths:3 Tomb:2)
  Sojobo (Vaults:3)
  The ghost of Qiwept the Fencer, a veteran BaIE of Cheibriados (Depths:1)
  Bai Suzhen (Shoals:4)
  Frederick (Vaults:2)
  6 Killer Klowns
  10 shard shrikes
  Margery (Depths:3)
  Xtahua (Vaults:2)
  Saint Roka (Depths:4)
  3 caustic shrikes (Depths:5)
  Geryon (Hell)
  3 profane servitors
  Nikola (Depths:3)
  Jory (Crypt:3)
  11 golden dragons
  9 bone dragons
  9 Tzitzimimeh
  2 hellephants
  9 Brimstone Fiends
  7 pandemonium lords
  6 doom hounds
  2 iron giants
  3 electric golems
  13 Hell Sentinels
  23 tentacled monstrosities
  17 Ice Fiends
  25 Orb Guardians (Zot:5)
  Rupert (D:13)
  23 liches
  Asterion (Vaults:3)
  5 deep elf blademasters
  4 deep elf master archers
  13 titans
  11 death cobs
  7 quicksilver dragons
  Polyphemus (Shoals:4)
  24 Executioners
  7 sphinxes
  14 acid blobs
  The ghost of frimble the Commander, an adept DsGl of Okawaru (Depths:5)
  7 tentacled starspawn
  9 tengu reavers
  17 shadow dragons
  14 ancient champions
  7 draconian monks
  8 revenants
  16 storm dragons
  Ilsuiw (Shoals:2)
  9 azure jellies
  A fire giant (shapeshifter) (Depths:1)
  11 iron dragons
  12 frost giants
  13 fire giants
  3 imperial myrmidons (Desolation)
  5 draconian knights
  5 warmongers
  The ghost of collin38 the Warrior, a journeyman MiBe of Trog (D:12)
  2 angels
  11 vault wardens
  4 ghost moths
  6 deep elf sorcerers
  4 draconian shifters
  5 emperor scorpions (Spider:4)
  17 cacodemons
  7 draconian scorchers
  5 draconian stormcallers (Zot:5)
  A caustic shrike zombie (Depths:3)
  4 draconian annihilators
  25 balrugs
  8 ghouls
  5 elemental wellsprings (Coc:7)
  7 deep elf elementalists
  2 curse skulls (Pan)
  An ophan (Abyss:5)
  40 reapers
  20 ironheart preservers
  A caustic shrike skeleton (Crypt:1)
  15 vampire knights
  3 blood saints (Pan)
  36 very ugly things
  24 stone giants
  20 bennus
  7 war gargoyles
  4 entropy weavers
  9 corrupters
  7 dire elephants
  8 black draconians
  4 black suns (Pan)
  6 lorocyprocas
  2 deep elf demonologists
  7 purple draconians
  A minotaur (Gauntlet)
  8 green draconians
  10 deep elf annihilators
  7 spark wasps
  2 halazid warlocks (Desolation)
  16 red draconians
  17 yellow draconians
  13 white draconians
  The ghost of Nyg Tys the Severer, a journeyman MiBe of Trog (D:12)
  2 pearl dragon zombies (Crypt:1)
  11 merfolk impalers
  10 green deaths
  16 blizzard demons
  An eidolon (Crypt:1)
  2 death oozes (Slime:5)
  17 mummy priests
  22 ogre magi
  4 crystal guardians
  5 quicksilver dragon zombies
  3 merfolk javelineers
  24 jiangshi
  17 fire dragons
  Josephine (Lair:5)
  5 deep elf high priests
  12 ettins
  22 yaktaur captains
  Harold (D:9)
  4 ragged hierophants (Desolation)
  10 great orbs of eyes
  9 deep elf death magi
  3 kraken zombies
  A quicksilver dragon skeleton (Coc:7)
  A ghost crab (Tar:2)
  31 ice dragons
  30 vault guards
  3 hell beasts (Pan)
  8 rakshasas
  7 servants of whispers (Desolation)
  5 monstrous demonspawn
  6 hydras
  4 spriggan air magi
  A caustic shrike simulacrum (Depths:3)
  4 merfolk avatars
  7 peacekeepers (Desolation)
  2 alligator snapping turtles (Shoals:4)
  3 catoblepae
  59 two-headed ogres
  A shambling mangrove (Zig:2)
  11 centaur warriors
  10 death knights
  35 dancing weapons
  5 tengu warriors
  15 death yaks
  A satyr (Shoals:1)
  2 merfolk aquamancers
  A shock serpent (shapeshifter) (Abyss:3)
  9 spriggan berserkers
  6 deep troll earth magi
  3 titan zombies
  Urug (D:10)
  13 deep troll shamans
  11 vampire magi
  50 death scarabs
  22 hell hogs
  18 thrashing horrors
  A spriggan (Depths:5)
  An orc high priest (Orc:1)
  6 storm dragon zombies
  21 soul eaters
  36 small abominations
  46 sun demons
  2 fire crabs (shapeshifter)
  16 deep elf knights
  23 hell knights
  3 titan skeletons (Geh:7)
  A death drake (Tar:5)
  17 shadow wraiths
  123 skeletal warriors
  8 iron trolls
  11 sea snakes
  16 wretched stars
  21 sixfirhies
  A golden dragon zombie (Geh:4)
  5 spatial maelstroms
  14 flayed ghosts
  19 shadow demons
  A storm dragon skeleton (Coc:6)
  3 infernal demonspawn (Pan)
  32 deep trolls
  A kraken simulacrum (Coc:7)
  6 gelid demonspawn (Pan)
  4 unseen horrors
  11 glowing orange brains
  16 anaconda zombies
  8 wizards
  6 torturous demonspawn
  25 deep elf archers
  2 harpies (shapeshifter)
  21 ironbrand convokers
  A sphinx zombie (Depths:3)
  16 orc knights
  6 shadow dragon zombies
  12 phantasmal warriors
  A swamp dragon (Abyss:5)
  8 harpies
  6 anaconda skeletons
  Pikel (D:4)
  17 necromancers
  31 wolf spiders
  6 golden dragon skeletons
  3 orc sorcerers
  17 orb spiders
  3 shadow dragon skeletons
  5 shining eyes
  5 wolf spider zombies
  2 iron dragon skeletons
  4 frost giant zombies
  8 stone giant zombies
  13 fauns
  69 deep elf magi
  17 moths of wrath
  A sphinx skeleton (Depths:2)
  5 iron dragon zombies
  4 oklob plants (Lair:3)
  A wolf spider (shapeshifter) (Vaults:5)
  6 worldbinders
  A draconian (Zot:2)
  A manticore (shapeshifter) (Vaults:5)
  64 ugly things
  4 centaur zombies
  15 cyclopes
  A faun (shapeshifter) (Zig:6)
  7 fire giant zombies
  2 salamanders
  11 manticores
  9 elephants
  4 apis skeletons (Crypt:1)
  6 guardian serpents
  11 rust devils
  7 water nymphs
  16 merfolk sirens
  6 apocalypse crabs
  2 ice statues
  3 stone giant skeletons
  Joseph (D:8)
  A shock serpent zombie (Crypt:1)
  19 vault sentinels
  A water nymph (shapeshifter) (Depths:2)
  4 eyes of devastation
  5 gargoyles
  5 torpor snails
  2 guardian serpents (shapeshifter)
  28 smoke demons
  5 titan simulacra (Coc:7)
  5 fire giant skeletons
  3 naga magi (Abyss:5)
  4 black mambas
  21 orange demons
  5 storm dragon simulacra
  4 frost giant skeletons
  16 molten gargoyles
  A spiny frog (shapeshifter) (Vaults:2)
  2 rime drakes (Zot:3)
  10 spiny frogs
  A yaktaur zombie (Vaults:4)
  8 efreet
  40 hellions
  2 spriggan zombies
  3 dire elephant skeletons
  3 emperor scorpion zombies
  An alligator snapping turtle skeleton (Crypt:2)
  40 freezing wraiths
  2 komodo dragons (shapeshifter)
  7 anaconda simulacra (Coc:7)
  4 human zombies
  3 kobold demonologists (D:14)
  13 komodo dragons
  A yaktaur (shapeshifter) (Vaults:1)
  9 hellwings
  36 ice devils
  49 yaktaurs
  53 guardian mummies
  28 tormentors
  5 wind drakes
  20 demonic crawlers
  A golden dragon simulacrum (Depths:2)
  3 meliai (shapeshifter)
  28 red devils
  2 tengu conjurers
  13 ancient zymes
  An iron troll skeleton (Crypt:2)
  A minotaur skeleton (Crypt:2)
  A yellow draconian skeleton (Crypt:1)
  A jumping spider (shapeshifter) (Depths:2)
  16 hydra zombies
  11 polar bears
  3 queen bees
  A queen bee (shapeshifter) (Vaults:4)
  A purple draconian skeleton (Crypt:2)
  32 merfolk
  7 trolls
  2 trolls (shapeshifter)
  A harpy zombie (Coc:2)
  29 raiju
  2 alligator zombies
  4 bog bodies
  30 jumping spiders
  2 wind drakes (shapeshifter)
  5 blink frogs
  5 harpy skeletons
  50 saltlings (Desolation)
  11 hornets
  71 slime creatures
  4 hydra skeletons
  43 large abominations
  2 fire giant simulacra
  3 human simulacra
  4 fire dragon zombies
  5 snapping turtles
  2 dream sheep (Shoals:4)
  A meliai zombie (D:14)
  15 hippogriffs
  61 redbacks
  51 starcursed masses
  9 air elementals
  4 ettin skeletons
  6 ettin zombies
  Sigmund (D:2)
  2 ice dragon skeletons
  9 ice dragon zombies
  2 redbacks (shapeshifter) (Vaults:5)
  An alligator skeleton (Coc:1)
  38 wraiths
  A yak (shapeshifter) (Depths:2)
  52 yaks
  A vampire (Abyss:2)
  3 fire dragon skeletons
  124 flying skulls
  A tarantella (shapeshifter) (Vaults:3)
  25 shadows
  6 fire bats
  35 tarantellas
  4 wyverns
  26 ynoxinuls
  15 fire elementals
  2 humans (shapeshifter)
  23 water elementals
  5 ushabtiu
  14 golden eyes
  An emperor scorpion simulacrum (Hell)
  4 basilisks
  Menkaure (D:4)
  19 chaos spawn
  7 hungry ghosts
  24 neqoxecs
  10 vampire mosquitoes
  7 wargs
  2 soldier ants (D:15)
  An acid dragon (Vaults:1)
  5 spatial vortices
  Edmund (D:5)
  4 nagas
  A merfolk skeleton (Tomb:1)
  7 hydra simulacra
  14 water moccasins
  11 porcupines
  2 floating eyes (Pan)
  4 spiny frog zombies
  71 hell hounds
  4 spiny frog skeletons
  7 ice beasts
  38 orc warriors
  4 sky beasts
  2 slaves
  3 elf zombies
  2 manticore zombies
  A swamp drake (Zig:2)
  15 black bears
  A hornet zombie (D:11)
  66 ogres
  A swamp dragon zombie (Coc:7)
  5 boggarts
  5 eyes of draining
  An ice dragon simulacrum (Depths:1)
  21 necrophages
  18 centaurs
  An elf skeleton (Vaults:4)
  A phantom (Tar:1)
  2 swamp dragon skeletons
  4 snapping turtle skeletons
  16 wolves
  A fire dragon simulacrum (Abyss:1)
  2 manticore skeletons
  A crocodile (shapeshifter) (Depths:4)
  14 crocodiles
  6 big kobolds
  The ghost of cstieg1 the Firebug, an amateur TeFE (D:4)
  A spectral human (Crypt:3)
  A rime drake skeleton (Crypt:2)
  26 bullfrogs
  4 gnoll sergeants (D:10)
  3 spiny frog simulacra
  6 earth elementals
  3 scorpions
  A hornet simulacrum (D:15)
  A killer bee (shapeshifter) (Vaults:5)
  A queen bee zombie (Crypt:2)
  50 killer bees
  46 wights
  A spriggan skeleton (Volcano)
  12 electric eels
  A troll skeleton (Volcano)
  3 vampire bats (Lair:6)
  7 jellies
  6 crimson imps
  4 quasits
  9 hounds
  28 orc priests
  5 centaur skeletons
  2 gnoll shamans (D:10)
  13 iron imps
  Jessica (D:2)
  12 human skeletons (Vaults:4)
  Natasha (thrice) (D:4)
  3 iguanas
  29 orc wizards
  9 worker ants
  2 tengu zombies
  A deep dwarf zombie (Crypt:1)
  A big kobold zombie (Crypt:2)
  A dwarf skeleton (Crypt:2)
  2 hound zombies
  A naga skeleton (Crypt:1)
  A hound skeleton (D:4)
  58 mummies
  23 gnolls
  A naga simulacrum (Hell)
  19 adders
  3 river rats
  13 shadow imps
  11 white imps
  2 ufetubi (Abyss:3)
  6 oozes
  2 adder skeletons
  An adder zombie (D:6)
  8 worms
  4 dart slugs
  3 leopard geckos
  106 orcs
  3 ball pythons
  15 bats
  2 bat zombies
  12 giant cockroaches
  8 goblins
  12 hobgoblins
  14 jackals
  38 kobolds
  4 quokkas
  8 frilled lizards
  A frilled lizard zombie (Crypt:1)
  A kobold skeleton (Tar:1)
  An orc zombie (Crypt:2)
  A quokka skeleton (D:5)
  15 rats
  2 rat zombies (D:4)
  A fungus (Lair:6)
  2 lurking horrors
  2 plants
  4 starspawn tentacles
  7 tentacles
4974 creatures vanquished.

Vanquished Creatures (collateral kills)
  A pandemonium lord (Pan)
  2 Killer Klowns (Zig:6)
  An acid blob (Slime:5)
  A great orb of eyes (Depths:3)
  4 shining eyes
  A slime creature (Slime:5)
  2 golden eyes (Pan)
  2 neqoxecs (Pan)
  A floating eye (Depths:3)
  An orc (D:10)
16 creatures vanquished.

Vanquished Creatures (others)
  A sphinx (Tomb:1)
  An elemental wellspring (Coc:7)
  An entropy weaver (Spider:2)
  A ragged hierophant (Desolation)
  A hell hog (Geh:7)
  3 deep elf knights
  A deep elf mage (Abyss:3)
  An ugly thing (Depths:3)
  An anaconda simulacrum (Abyss:3)
  An ice dragon zombie (Geh:7)
  A raiju (Abyss:3)
  2 flying skulls
  A neqoxec (Pan)
  2 small abominations
  An iron imp (Dis:7)
  2 bushes (Abyss:3)
  13 fungi
  A lurking horror (Abyss:3)
  35 plants
  29 starspawn tentacles
  16 tentacles
  3 withered plants (D:12)
118 creatures vanquished.

Grand Total: 5108 creatures vanquished

Notes
Turn   | Place    | Note
-------+----------+-------------------------------------------
     0 | D:1      | TittyCrusher the Centaur Gladiator began the quest for the
                  | Orb.
     0 | D:1      | Reached XP level 1. HP: 17/17 MP: 1/1
   230 | D:1      | Reached XP level 2. HP: 24/24 MP: 2/2
   381 | D:1      | Reached XP level 3. HP: 13/29 MP: 3/3
  1189 | D:2      | Noticed Sigmund
  1358 | D:2      | Noticed Jessica
  1363 | D:2      | Killed Jessica
  1363 | D:2      | Reached XP level 4. HP: 36/36 MP: 4/4
  1598 | D:2      | Found a runed translucent door.
  1599 | D:2      | Noticed Crazy Yiuf
  2013 | D:3      | Reached skill level 5 in Polearms
  2170 | D:3      | Reached XP level 5. HP: 41/41 MP: 5/5
  2825 | D:4      | Noticed Natasha
  2833 | D:4      | Killed Natasha
  2848 | D:4      | Found an ancient bone altar of Kikubaaqudgha.
  2888 | D:4      | Reached XP level 6. HP: 48/48 MP: 6/6
  2941 | D:4      | Noticed cstieg1's ghost (amateur TeFE)
  3050 | D:4      | Found a transporter.
  3078 | D:4      | Noticed Natasha
  3085 | D:4      | Found a transporter.
  3352 | D:4      | Found a snail-covered altar of Cheibriados.
  3441 | D:4      | Noticed Menkaure
  3496 | D:4      | Gained mutation: You are agile. (Dex +2) [potion of
                  | mutation]
  3496 | D:4      | Gained mutation: You are somewhat resistant to further
                  | mutation. [potion of mutation]
  3503 | D:4      | Killed Menkaure
  3503 | D:4      | Reached XP level 7. HP: 49/55 MP: 7/7
  3628 | D:4      | Killed Natasha
  3727 | D:4      | Noticed Natasha
  3735 | D:4      | Killed Natasha
  3874 | D:4      | Noticed Pikel
  3999 | D:4      | Killed Pikel
  3999 | D:4      | Reached XP level 8. HP: 49/61 MP: 8/8
  4160 | D:5      | Entered Level 5 of the Dungeon
  4194 | D:5      | Found a sparkling altar of Nemelex Xobeh.
  4589 | D:5      | Found a glowing drain.
  4606 | Sewer    | Entered a sewer
  4801 | Sewer    | Found a glowing silver altar of Zin.
  4873 | D:5      | Reached skill level 10 in Polearms
  4942 | D:5      | Found an ornate altar of the Wu Jian Council.
  5032 | D:5      | Noticed Edmund
  5075 | D:5      | Killed Edmund
  5832 | D:6      | Reached XP level 9. HP: 67/67 MP: 9/9
  6836 | D:2      | Killed Sigmund
  6908 | D:2      | Found a sacrificial altar of Ru.
  6908 | D:2      | Found an opulent altar of Gozag.
  6909 | D:2      | Found a snail-covered altar of Cheibriados.
  6919 | D:2      | Found a radiant altar of Vehumet.
  7851 | D:7      | Found a staircase to the Ecumenical Temple.
  7855 | Temple   | Entered the Ecumenical Temple
  8044 | Temple   | Became a worshipper of Warmaster Okawaru
  8175 | D:7      | Paralysed by a hornet for 2 turns
  9397 | D:8      | Noticed Psyche
  9398 | D:8      | Noticed Psyche
  9398 | D:8      | Psyche changed into Psyche the wyvern
  9406 | D:8      | Killed Psyche the wyvern
  9406 | D:8      | Reached XP level 10. HP: 55/73 MP: 10/10
  9526 | D:8      | Found a hide-covered altar of Uskayaw.
  9552 | D:8      | Reached * piety under Okawaru
  9927 | D:8      | Noticed Joseph
  9954 | D:8      | Killed Joseph
  9993 | D:8      | Reached ** piety under Okawaru
 10045 | D:8      | Found Womeofe's Distillery.
 10054 | D:8      | Bought a potion of heal wounds for 70 gold pieces
 10054 | D:8      | Bought a potion of heal wounds for 70 gold pieces
 10054 | D:8      | Bought a potion of resistance for 140 gold pieces
 10054 | D:8      | Bought a potion of invisibility for 112 gold pieces
 10702 | D:9      | Noticed a two-headed ogre
 10737 | D:9      | Killed a two-headed ogre
 10914 | D:9      | Noticed Harold
 10952 | D:9      | Killed Harold
 10952 | D:9      | Reached *** piety under Okawaru
 11533 | D:10     | Entered Level 10 of the Dungeon
 11833 | D:10     | Noticed Urug
 12032 | D:10     | Found a stormy altar of Qazlal.
 12504 | D:10     | Reached XP level 11. HP: 59/82 MP: 9/11
 12506 | D:10     | Reached **** piety under Okawaru
 13752 | D:11     | Reached skill level 5 in Fighting
 14163 | D:11     | Got a twisted scale mail
 14181 | D:11     | Identified the +3 scale mail of Usmaaqyrph {Str+3} (You
                  | found it on level 11 of the Dungeon)
 14356 | D:11     | Found a staircase to the Lair.
 14855 | D:11     | Noticed a purple ugly thing
 14868 | D:11     | Killed a purple ugly thing
 14957 | Lair:1   | Entered Level 1 of the Lair of Beasts
 15230 | Lair:1   | Noticed a seven-headed hydra
 15248 | Lair:1   | Reached ***** piety under Okawaru
 15252 | Lair:1   | Killed a seven-headed hydra
 15750 | Lair:1   | Noticed a seven-headed hydra
 15766 | Lair:1   | Killed a seven-headed hydra
 15766 | Lair:1   | Received a gift from Okawaru
 16350 | Lair:2   | Reached XP level 12. HP: 87/106 MP: 14/14
 16366 | Lair:2   | Reached skill level 10 in Fighting
 18253 | Lair:3   | Received a gift from Okawaru
 18520 | Lair:3   | Found a hole to the Spider Nest.
 18704 | Lair:3   | Noticed a five-headed hydra
 18732 | Lair:3   | Killed a five-headed hydra
 18919 | Lair:4   | Noticed a death yak
 18948 | Lair:4   | Killed a death yak
 19026 | Lair:4   | Reached XP level 13. HP: 115/123 MP: 15/15
 19156 | Lair:4   | Reached skill level 1 in Armour
 19610 | Lair:4   | Found a staircase to the Shoals.
 20053 | Lair:5   | Reached ****** piety under Okawaru
 20222 | Lair:5   | Noticed Josephine
 20249 | Lair:5   | Killed Josephine
 20249 | Lair:5   | Reached skill level 5 in Armour
 20276 | Lair:5   | Received a gift from Okawaru
 20494 | Lair:5   | Noticed Sonja
 20495 | Lair:5   | Noticed Sonja
 20495 | Lair:5   | Sonja changed into Sonja the naga
 20512 | Lair:5   | Killed Sonja the naga
 21153 | Lair:6   | Entered Level 6 of the Lair of Beasts
 21153 | Lair:6   | Found a staircase to the Slime Pits.
 21153 | Lair:6   | Found a viscous altar of Jiyva.
 21272 | Lair:6   | Found a dark tunnel.
 21440 | Volcano  | Entered a volcano
 21531 | Volcano  | Received a gift from Okawaru
 22047 | Volcano  | Reached skill level 15 in Polearms
 22473 | Lair:6   | Reached XP level 14. HP: 99/132 MP: 9/16
 22919 | Lair:6   | Received a gift from Okawaru
 23744 | Lair:6   | Reached skill level 5 in Invocations
 24029 | Lair:6   | Got a steaming turquoise ring
 24032 | Lair:6   | Identified the ring "Raungon" {rPois rF+ Str+3} (You found
                  | it on level 6 of the Lair of Beasts)
 24996 | D:12     | Found a runed translucent gate.
 24996 | D:12     | Found a runed translucent gate.
 24996 | D:12     | Found a runed translucent gate.
 24996 | D:12     | Noticed Nyg Tys's ghost (journeyman MiBe)
 25146 | D:12     | Noticed collin38's ghost (journeyman MiBe)
 25303 | D:12     | Killed collin38's ghost
 25308 | D:12     | Killed Nyg Tys's ghost
 25465 | D:13     | Noticed Rupert
 25592 | D:13     | Found a gate leading to a gauntlet.
 25601 | Gauntlet | Entered a Gauntlet
 25601 | Gauntlet | Found a transporter.
 25601 | Gauntlet | Found a transporter.
 25703 | Gauntlet | Found a transporter.
 25703 | Gauntlet | Found a transporter.
 25707 | Gauntlet | Found a transporter.
 25707 | Gauntlet | Found a transporter.
 25729 | Gauntlet | Found a runed translucent door.
 25729 | Gauntlet | Found a runed translucent door.
 25733 | Gauntlet | Found a transporter.
 25737 | Gauntlet | Found a transporter.
 25745 | Gauntlet | Found a transporter.
 25746 | Gauntlet | Found the +3 sling "Punk" {acid, rCorr}
 25761 | Gauntlet | Found a transporter.
 25778 | Gauntlet | Found a transporter.
 25779 | Gauntlet | Found a transporter.
 25835 | Gauntlet | Found a runed translucent door.
 25990 | Gauntlet | Received a gift from Okawaru
 26129 | Gauntlet | Got a steaming lapis lazuli ring
 26131 | Gauntlet | Identified the ring "Yriegrah" {+Inv rF+ MR+ Slay-4} (You
                  | found it in a Gauntlet)
 26291 | Gauntlet | Identified the +9 halberd "Juiwuriluu" {venom, rElec rPois}
 26313 | Gauntlet | Identified the Disquisition on Lightness
 26790 | D:13     | Reached XP level 15. HP: 78/138 MP: 13/20
 27384 | D:13     | Killed Rupert
 27988 | D:14     | Received a gift from Okawaru
 28135 | D:14     | Found a gate to the Vaults.
 28367 | D:14     | Found a shimmering altar of Xom.
 28416 | D:15     | Entered Level 15 of the Dungeon
 28791 | D:15     | Found a staircase to the Depths.
 30022 | D:15     | Found a shattered altar of Ashenzari.
 30097 | D:15     | Received a gift from Okawaru
 30911 | D:10     | Found a staircase to the Orcish Mines.
 31047 | D:10     | Killed Urug
 31144 | Orc:1    | Entered Level 1 of the Orcish Mines
 31936 | Orc:2    | Entered Level 2 of the Orcish Mines
 31936 | Orc:2    | Found a staircase to the Elven Halls.
 32122 | Orc:2    | Reached XP level 16. HP: 115/146 MP: 13/21
 32263 | Orc:2    | Found Lusisoo's Distillery.
 32263 | Orc:2    | Found Paefe's Food Emporium.
 32266 | Orc:2    | Found Aschyc's Armour Emporium.
 32266 | Orc:2    | Found Neloac's Gadget Boutique.
 32276 | Orc:2    | Received a gift from Okawaru
 32285 | Orc:2    | Identified the +3 centaur barding of Qog Fekhlikh {rElec
                  | rC- Str+6 Dex-4} (Okawaru gifted it to you on level 2 of
                  | the Orcish Mines)
 32759 | Orc:2    | Bought a potion of heal wounds for 80 gold pieces
 32759 | Orc:2    | Bought a potion of heal wounds for 80 gold pieces
 32759 | Orc:2    | Bought a potion of haste for 160 gold pieces
 32761 | Orc:2    | Bought a lamp of fire for 480 gold pieces
 33025 | Spider:1 | Entered Level 1 of the Spider Nest
 33475 | Spider:1 | Reached skill level 15 in Fighting
 35032 | Spider:3 | Reached skill level 10 in Invocations
 35293 | Spider:3 | Received a gift from Okawaru
 35826 | Spider:3 | Reached XP level 17. HP: 120/159 MP: 17/24
 36452 | Spider:4 | Entered Level 4 of the Spider Nest
 37282 | Spider:4 | Received a gift from Okawaru
 37939 | Spider:4 | Got a gossamer rune of Zot
 38107 | Shoals:1 | Entered Level 1 of the Shoals
 38861 | Shoals:1 | Found Lostyutt's Gadget Emporium.
 40365 | D:8      | Bought a potion of mutation for 112 gold pieces
 40365 | D:8      | Bought a potion of mutation for 112 gold pieces
 40467 | Orc:2    | Bought a potion of mutation for 128 gold pieces
 40655 | D:15     | Lost mutation: You are agile. (Dex +2) [potion of mutation]
 40655 | D:15     | Lost mutation: You are somewhat resistant to further
                  | mutation. [potion of mutation]
 40655 | D:15     | Gained mutation: You possess an exceptional clarity of
                  | mind. [potion of mutation]
 40655 | D:15     | Gained mutation: You occasionally shout uncontrollably at
                  | your foes. [potion of mutation]
 40655 | D:15     | Gained mutation: You are dopey. (Int -2) [potion of
                  | mutation]
 40655 | D:15     | Gained mutation: You are resistant to hostile enchantments.
                  | (MR+) [potion of mutation]
 41941 | Shoals:2 | Noticed Ilsuiw
 41955 | Shoals:2 | Killed Ilsuiw
 42539 | Shoals:2 | Received a gift from Okawaru
 42544 | Shoals:2 | Reached XP level 18. HP: 155/176 MP: 25/25
 42854 | Shoals:3 | Found Wutto's Jewellery Boutique.
 43841 | Shoals:4 | Entered Level 4 of the Shoals
 44147 | Shoals:4 | Noticed Mara
 44174 | Shoals:4 | Noticed TittyCrusher's illusion
 44390 | Shoals:4 | Noticed Bai Suzhen
 44410 | Shoals:4 | Killed Bai Suzhen
 44410 | Shoals:4 | Reached skill level 5 in Dodging
 44776 | Shoals:4 | Noticed TittyCrusher's illusion
 45302 | Shoals:4 | Got a barnacled rune of Zot
 45868 | Shoals:4 | Identified the +0 pair of gloves "Laoguc" {Dex+4} (You
                  | found it on level 4 of the Shoals)
 46000 | Shoals:4 | Received a gift from Okawaru
 46046 | Shoals:4 | Identified the +7 trident "Zotef" {flame, rElec rN+ Int+4}
                  | (You found it on level 4 of the Shoals)
 46436 | Elf:1    | Entered Level 1 of the Elven Halls
 46504 | Elf:1    | Received a gift from Okawaru
 46608 | Elf:1    | Received a gift from Okawaru
 46720 | Elf:1    | Identified the +7 flail of Dissent {protect, +Inv Str+3}
 46873 | Elf:1    | Found a bloodstained altar of Trog.
 46901 | Elf:1    | Found Arixah's Distillery.
 46909 | Elf:1    | Bought a potion of resistance for 170 gold pieces
 46909 | Elf:1    | Bought a potion of curing for 51 gold pieces
 46909 | Elf:1    | Bought a potion of curing for 51 gold pieces
 46909 | Elf:1    | Bought 2 potions of might for 136 gold pieces
 46909 | Elf:1    | Bought a potion of heal wounds for 85 gold pieces
 46985 | Elf:1    | Found a ruined gateway.
 46994 | Desolati | Entered the Desolation of Salt
 47098 | Desolati | Reached XP level 19. HP: 147/182 MP: 20/26
 47273 | Desolati | Identified the Grimoire of the Eight Boll Weevils
 47287 | Desolati | Identified Maitoly's Disquisition on Dislocation and
                  | Confrontation
 47291 | Desolati | Got a translucent buckler
 47659 | Desolati | Identified the ring of Leput {rF+ rN+ rCorr} (You found it
                  | in the Desolation of Salt)
 47668 | Desolati | Got a dazzling ring mail
 47730 | Desolati | Received a gift from Okawaru
 48188 | Desolati | Identified the Volume of Arcane Weapons
 48191 | Desolati | Got a pitted lapis lazuli ring
 48202 | Desolati | Identified the Guide on Dislocation and Transmigration
 48264 | Desolati | Received a gift from Okawaru
 48265 | Desolati | Found the +8 trident of the Octopus King {venom, rElec
                  | rPois MR+}
 48408 | Desolati | Reached skill level 10 in Armour
 48804 | Elf:1    | Identified the +3 ring mail of the Ageless Orbs {Str+3}
                  | (You found it in the Desolation of Salt)
 48836 | Elf:1    | Identified the ring "Eqo Jyic" {Fire rPois Dex+5} (You
                  | found it in the Desolation of Salt)
 49926 | Elf:2    | Received a gift from Okawaru
 49948 | Elf:2    | Identified the +0 centaur barding "Lira" {rElec Stlth+}
                  | (Okawaru gifted it to you on level 2 of the Elven Halls)
 49983 | Elf:2    | Found Gumomp's Gadget Shop.
 50213 | Elf:2    | Found a runed translucent gate.
 50213 | Elf:2    | Found a runed translucent gate.
 50213 | Elf:2    | Found a runed translucent gate.
 51771 | Elf:3    | Entered Level 3 of the Elven Halls
 51795 | Elf:3    | Found Qytwy's Assorted Antiques.
 51799 | Elf:3    | Bought a scroll labeled ETWETI PA QORCH for 29 gold pieces
 52323 | Elf:3    | Reached XP level 20. HP: 151/191 MP: 27/27
 53208 | Elf:3    | Received a gift from Okawaru
 55019 | Elf:3    | Identified Sif Muna's Compendium of Aid and Evil Rituals
 55026 | Elf:3    | Identified the Disquisition on Earthen Talismans
 55440 | Vaults:1 | Entered Level 1 of the Vaults
 55641 | Vaults:1 | Found Senol's Magic Scroll Boutique.
 55650 | Vaults:1 | Bought a scroll of acquirement for 832 gold pieces
 55658 | Vaults:1 | Got a crude brass amulet
 55660 | Vaults:1 | Identified the amulet "Barew" {rElec rPois rC+ Regen+
                  | Stlth-} (You acquired it on level 1 of the Vaults)
 55661 | Vaults:1 | Bought a scroll of fog for 32 gold pieces
 55661 | Vaults:1 | Bought a scroll of teleportation for 48 gold pieces
 55661 | Vaults:1 | Bought a scroll of magic mapping for 56 gold pieces
 56015 | Vaults:1 | Reached skill level 1 in Evocations
 56252 | Vaults:1 | Received a gift from Okawaru
 56452 | Vaults:1 | Got a bronze scale mail {god gift}
 56501 | D:14     | Identified the +4 scale mail "Tuepsam" {rC+ Stlth+}
                  | (Okawaru gifted it to you on level 1 of the Vaults)
 56714 | Vaults:1 | Reached skill level 5 in Evocations
 57192 | Vaults:1 | Reached XP level 21. HP: 174/198 MP: 28/28
 57866 | Vaults:2 | Noticed Xtahua
 57886 | Vaults:2 | Killed Xtahua
 58014 | Vaults:2 | Noticed Mennas
 58015 | Vaults:2 | Noticed Frederick
 58322 | Vaults:2 | Killed Frederick
 58322 | Vaults:2 | Received a gift from Okawaru
 58508 | Vaults:2 | Reached skill level 10 in Evocations
 58594 | Vaults:2 | Found a staircase to the Crypt.
 59082 | Vaults:3 | Found Qeof's Jewellery Boutique.
 59149 | Vaults:3 | Found a flickering gateway to a bazaar.
 59154 | Bazaar   | Entered a bazaar
 59168 | Bazaar   | Found Nuet's Gadget Shop.
 59197 | Bazaar   | Found Jalour's Gadget Shop.
 59232 | Bazaar   | Found Zushreisk's Distillery.
 59258 | Bazaar   | Found Yhed's Distillery.
 59279 | Bazaar   | Bought a potion of invisibility for 88 gold pieces
 59279 | Bazaar   | Bought a potion of curing for 33 gold pieces
 59279 | Bazaar   | Bought a potion of ambrosia for 88 gold pieces
 59279 | Bazaar   | Bought 2 potions of agility for 88 gold pieces
 59279 | Bazaar   | Bought 2 potions of resistance for 220 gold pieces
 59279 | Bazaar   | Bought a potion of curing for 33 gold pieces
 59300 | Bazaar   | Bought a potion of haste for 120 gold pieces
 59300 | Bazaar   | Bought a potion of agility for 48 gold pieces
 59300 | Bazaar   | Bought a potion of heal wounds for 60 gold pieces
 59300 | Bazaar   | Bought a potion of agility for 48 gold pieces
 59300 | Bazaar   | Bought a potion of curing for 36 gold pieces
 59300 | Bazaar   | Bought a potion of agility for 48 gold pieces
 59300 | Bazaar   | Bought a potion of haste for 120 gold pieces
 59337 | Vaults:2 | Found Heno's General Store.
 59377 | Vaults:3 | Noticed Sojobo
 59394 | Vaults:3 | Received a gift from Okawaru
 59416 | Vaults:3 | Killed Sojobo
 59520 | Vaults:3 | Received a gift from Okawaru
 59624 | Vaults:3 | Found Kec Kops's Magic Scroll Shop.
 60064 | Vaults:3 | Noticed Asterion
 60076 | Vaults:3 | Killed Asterion
 60218 | Vaults:3 | Received a gift from Okawaru
 60405 | Vaults:3 | Found Jabubb's Assorted Antiques.
 60600 | Vaults:3 | Noticed Boris
 60623 | Vaults:3 | Killed Boris
 60785 | Vaults:3 | Reached XP level 22. HP: 184/205 MP: 30/30
 61575 | Vaults:4 | Received a gift from Okawaru
 62389 | Vaults:2 | Received a gift from Okawaru
 63165 | Vaults:2 | Killed Mennas
 63423 | Vaults:2 | Bought a potion of curing for 57 gold pieces
 63588 | Crypt:1  | Entered Level 1 of the Crypt
 63966 | Crypt:1  | Reached skill level 10 in Dodging
 64413 | Crypt:1  | Received a gift from Okawaru
 64481 | Crypt:1  | Found a basalt altar of Yredelemnul.
 64611 | Crypt:1  | Reached XP level 23. HP: 154/213 MP: 31/31
 65445 | Crypt:2  | Identified the cursed +1 ring mail "Xamemixiugg" {rC+ Str+3
                  | Dex+3} (You found it on level 2 of the Crypt)
 65722 | Crypt:2  | Received a gift from Okawaru
 65830 | Crypt:2  | Identified the +8 longbow of the Spinneret {venom, rElec
                  | rPois} (Okawaru gifted it to you on level 2 of the Crypt)
 66266 | Crypt:3  | Entered Level 3 of the Crypt
 66669 | Crypt:3  | Found a basalt altar of Yredelemnul.
 67402 | Crypt:3  | Noticed Jory
 67422 | Crypt:3  | Killed Jory
 67644 | Crypt:3  | Received a gift from Okawaru
 67688 | Crypt:3  | Received a gift from Okawaru
 67715 | Crypt:3  | Identified the Reference Book on Sinister Magic
 67746 | Crypt:3  | Found a staircase to the Tomb.
 67758 | Crypt:3  | Identified the ring "Enky" {rC+ rN+ Str-5 Int+6} (You found
                  | it on level 3 of the Crypt)
 67759 | Crypt:3  | Identified the ring "Mysaesawk" {rElec rN+ Str-2 Int+4
                  | SInv} (You found it on level 3 of the Crypt)
 67760 | Crypt:3  | Identified the ring "Gikleaz" {rN+ Str+3 Int+2} (You found
                  | it on level 3 of the Crypt)
 68186 | Vaults:3 | Bought a scroll of brand weapon for 260 gold pieces
 68187 | Vaults:3 | Bought a scroll of brand weapon for 260 gold pieces
 68188 | Vaults:3 | Bought a scroll of brand weapon for 260 gold pieces
 68642 | Elf:3    | Bought a scroll of enchant weapon for 217 gold pieces
 69596 | Vaults:5 | Entered Level 5 of the Vaults
 69718 | Vaults:5 | Received a gift from Okawaru
 69800 | Vaults:5 | Reached XP level 24. HP: 130/221 MP: 22/31
 69825 | Vaults:5 | Noticed an ancient lich
 69845 | Vaults:5 | Killed an ancient lich
 69845 | Vaults:5 | Received a gift from Okawaru
 70367 | Vaults:5 | Received a gift from Okawaru
 70415 | Vaults:5 | Identified the +3 war axe "Killer Bee's Doom" {venom, rPois
                  | rC+}
 70528 | Vaults:5 | Identified the +2 robe of Cowardice {+Blink rN+ Int+3}
 70805 | Vaults:5 | Found Dises's Food Boutique.
 70847 | Vaults:5 | Received a gift from Okawaru
 70877 | Vaults:5 | Identified the +5 glaive "Idaek" {drain, rElec Str+5}
 71904 | Vaults:5 | Got a silver rune of Zot
 72353 | Vaults:3 | Bought a scroll of enchant armour for 285 gold pieces
 73021 | Depths:1 | Entered Level 1 of the Depths
 73041 | Depths:1 | Found a gateway to Hell.
 73445 | Depths:1 | Reached XP level 25. HP: 227/227 MP: 31/31
 73605 | Depths:1 | Found a runed translucent door.
 73607 | Depths:1 | Found a shimmering altar of Xom.
 73607 | Depths:1 | Noticed Qiwept's ghost (veteran BaIE)
 73779 | Depths:1 | Noticed Boris
 73892 | Depths:1 | Killed Boris
 73906 | Depths:1 | Received a gift from Okawaru
 75058 | Depths:2 | Found a one-way gate leading to the halls of Pandemonium.
 75107 | Depths:2 | Reached skill level 15 in Armour
 75442 | Depths:2 | Found Qirehoff's Food Boutique.
 75645 | Depths:2 | Found a runed translucent door.
 75691 | Depths:2 | Identified the amulet of Pessimism {Spirit rF++ rC++}
 75707 | Depths:2 | Identified the ring of Mucwac {AC+5 Str+2 Dex+5}
 75713 | Depths:2 | Received a gift from Okawaru
 75714 | Depths:2 | Identified the +9 halberd of Certain Death {flame, rPois
                  | rF+++ MR- Str-4} (Okawaru gifted it to you on level 2 of
                  | the Depths)
 75766 | Depths:2 | Identified the ring of Irrepressible Laughter {rC+ MP+9
                  | Int+7}
 75860 | Depths:2 | Identified the amulet "Taippuke" {Acrobat MR++} (You found
                  | it on level 2 of the Depths)
 75880 | Depths:2 | Found a runed translucent door.
 75884 | Depths:2 | Found a runed translucent door.
 76243 | Depths:3 | Found a gateway to a ziggurat.
 76367 | Depths:3 | Noticed Margery
 76388 | Depths:3 | Killed Margery
 76478 | Depths:3 | Found a gateway to a bazaar.
 76514 | Bazaar   | Entered a bazaar
 76514 | Bazaar   | Found Nolet's Jewellery Boutique.
 76529 | Bazaar   | Found Sayg's Food Emporium.
 76534 | Bazaar   | Found Rokiryl's Gadget Shop.
 76542 | Bazaar   | Found Ohujiabb's Armour Boutique.
 76548 | Bazaar   | Found Ufeidd's Book Emporium.
 76610 | Depths:3 | Noticed Nikola
 76628 | Depths:3 | Killed Nikola
 76687 | Depths:3 | Received a gift from Okawaru
 77047 | Depths:3 | Noticed Boris
 77050 | Depths:3 | Killed Boris
 77391 | Depths:4 | Received a gift from Okawaru
 77392 | Depths:4 | Identified the +3 centaur barding "Peorghe" {rElec rPois
                  | Int+3 Stlth+} (Okawaru gifted it to you on level 4 of the
                  | Depths)
 77406 | Depths:4 | Noticed Saint Roka
 77431 | Depths:4 | Killed Saint Roka
 77457 | Depths:4 | Reached XP level 26. HP: 193/236 MP: 29/31
 77469 | Depths:4 | Found a one-way gate to the infinite horrors of the Abyss.
 77515 | Depths:4 | Found the +0 mask of the Dragon {MR+ Slay+3 SInv}
 77750 | Depths:4 | You fall into a shaft and drop 1 floor!
 77750 | Depths:5 | Entered Level 5 of the Depths
 78311 | Depths:5 | Noticed a juggernaut
 78325 | Depths:5 | Killed a juggernaut
 78452 | Depths:5 | Received a gift from Okawaru
 78687 | Depths:5 | Found a runed translucent door.
 78688 | Depths:5 | Noticed frimble's ghost (adept DsGl)
 78688 | Depths:5 | Noticed an ancient lich
 78801 | Depths:5 | Found a portal to a secret trove of treasure.
 79425 | Depths:4 | Noticed a juggernaut
 79491 | Depths:4 | Received a gift from Okawaru
 79538 | Depths:4 | You fall into a shaft and drop 1 floor!
 79732 | Depths:4 | Found a corrupted altar of Lugonu.
 79797 | Depths:4 | Noticed an ancient lich
 80028 | Depths:5 | Killed an ancient lich
 80047 | Depths:5 | Killed frimble's ghost
 80079 | Depths:5 | Killed an ancient lich
 80269 | Depths:4 | Killed a juggernaut
 80890 | Shoals:4 | Noticed Polyphemus
 80898 | Shoals:4 | Killed Polyphemus
 81940 | Slime:1  | Entered Level 1 of the Pits of Slime
 82906 | Slime:4  | Reached XP level 27. HP: 245/246 MP: 31/31
 83162 | Slime:5  | Entered Level 5 of the Pits of Slime
 83234 | Slime:4  | Received a gift from Okawaru
 83556 | Slime:5  | Gained mutation: You are clumsy. (Dex -2) [a shining eye]
 83708 | Slime:5  | Found a viscous altar of Jiyva.
 83718 | Slime:5  | Noticed the Royal Jelly
 83730 | Slime:5  | Killed the Royal Jelly
 83730 | Slime:5  | Received a gift from Okawaru
 83802 | Slime:5  | Got a slimy rune of Zot
 83821 | Slime:5  | Identified the Guide on Aid
 83842 | Slime:5  | Identified the +4 pair of gloves "Mevuoxuma" {MR- Dex+9}
                  | (You found it on level 5 of the Pits of Slime)
 83960 | Slime:3  | Gained mutation: You are frail. (-10% HP) [a shining eye]
 83961 | Slime:3  | Lost mutation: You are frail. (-10% HP) [a shining eye]
 84021 | Slime:3  | Received a gift from Okawaru
 84635 | Depths:5 | Found a gate to the Realm of Zot.
 84658 | Zot:1    | Entered Level 1 of the Realm of Zot
 84836 | Zot:1    | Found a transporter.
 84926 | Zot:1    | Found a transporter.
 85898 | D:4      | Killed cstieg1's ghost
 86167 | Lair:3   | Received a gift from Okawaru
 86445 | Shoals:4 | Noticed TittyCrusher's illusion
 86449 | Shoals:4 | Killed Mara
 86810 | Depths:1 | Killed Qiwept's ghost
 86822 | Depths:1 | Identified Sif Muna's Papyrus of Transmigration and Stones
 86995 | Depths:5 | You paid a toll of a +6 demon whip to enter a treasure
                  | trove
 86996 | Trove    | Entered a treasure trove
 87009 | Trove    | Got a clouded tin ring
 87011 | Trove    | Got a pitted golden ring
 87013 | Trove    | Got a bound amethyst amulet
 87016 | Trove    | Got a serpentine tin ring
 87021 | Trove    | Got an ancient jade amulet
 87024 | Trove    | Got a clouded iron amulet
 87026 | Trove    | Got a translucent garnet amulet
 87066 | Depths:5 | Identified the ring of Heresy {rPois rF+ Str+2 Dex+2
                  | Stlth-} (You found it in a treasure trove)
 87067 | Depths:5 | Identified the ring of Broken Luck {+Fly rPois SInv} (You
                  | found it in a treasure trove)
 87070 | Depths:5 | Identified the ring of Sotu {Str+4 Dex+5 Stlth+} (You found
                  | it in a treasure trove)
 87074 | Depths:5 | Identified the amulet "Enalese" {Acrobat rElec Stlth+} (You
                  | found it in a treasure trove)
 87077 | Depths:5 | Identified the amulet of the Seven Tables {Acrobat SInv}
                  | (You found it in a treasure trove)
 87080 | Depths:5 | Identified the amulet "Ucuwkudu" {Reflect Str+4 SH+3} (You
                  | found it in a treasure trove)
 87083 | Depths:5 | Identified the amulet "Coameq" {Spirit +Fly Slay+5 SInv}
                  | (You found it in a treasure trove)
 87664 | Zot:2    | Noticed a juggernaut
 87675 | Zot:2    | Killed a juggernaut
 88149 | Zot:2    | Reached skill level 15 in Invocations
 88353 | Zot:2    | Found a runed translucent gate.
 88353 | Zot:2    | Found a runed translucent gate.
 88353 | Zot:2    | Found a runed translucent gate.
 88354 | Zot:2    | Identified the +2 hand axe of the Puffin {chop, rC+ rN+
                  | Dex+3}
 88354 | Zot:2    | Noticed an orb of fire
 88355 | Zot:2    | Noticed Beclu's ghost (legendary GnSk)
 89242 | Zot:3    | Received a gift from Okawaru
 89509 | Zot:3    | Reached skill level 15 in Dodging
 89645 | Zot:3    | Identified Sif Muna's Guide on the Helpful Rocks
 89664 | Zot:3    | Learned a level 1 spell: Apportation
 89667 | Zot:3    | Learned a level 2 spell: Blink
 89673 | Zot:3    | Found the ring of Phasing {EV+8}
 89673 | Zot:3    | Found the +8 lance "Wyrmbane" {slay drac, rPois rF+ rC+
                  | AC+3}
 89675 | Zot:3    | Got a coiled lead ring
 89808 | Zot:3    | Identified the ring of Nefecoth {rN++ Int+5 Dex+2} (You
                  | found it on level 3 of the Realm of Zot)
 90932 | Zot:5    | Entered Level 5 of the Realm of Zot
 91422 | Zot:5    | Noticed an ancient lich
 91428 | Zot:5    | Reached skill level 1 in Translocations
 91429 | Zot:5    | Noticed an orb of fire
 91430 | Zot:5    | Noticed an ancient lich
 91480 | Zot:5    | Killed an orb of fire
 91604 | Zot:5    | Killed an ancient lich
 91604 | Zot:5    | Reached skill level 5 in Translocations
 91848 | Zot:5    | Noticed an ancient lich
 91998 | Zot:5    | Killed an ancient lich
 92107 | Zot:5    | Received a gift from Okawaru
 92801 | Temple   | Fell from the grace of Okawaru
 92801 | Temple   | Became a worshipper of the Shining One
 93094 | Depths:4 | Voluntarily entered the Abyss.
 93094 | Abyss:1  | Found a corrupted altar of Lugonu.
 93274 | Abyss:1  | Found a corrupted altar of Lugonu.
 93318 | Abyss:1  | Reached * piety under the Shining One
 93321 | Abyss:1  | Gained mutation: [Scrolls take you a little longer to
                  | read.] [a neqoxec]
 93593 | Abyss:3  | Reached ** piety under the Shining One
 93713 | Abyss:3  | Gained mutation: [Scrolls take you longer to read.] [a
                  | cacodemon]
 93745 | Abyss:3  | Reached *** piety under the Shining One
 93936 | Abyss:3  | Paralysed by you for 6 turns
 93997 | Abyss:3  | Reached **** piety under the Shining One
 94023 | Abyss:3  | Found a corrupted altar of Lugonu.
 94131 | Abyss:3  | Found a transporter.
 94132 | Abyss:3  | Found a corrupted altar of Lugonu.
 94138 | Abyss:3  | Paralysed by accursed screaming for 1 turns
 94148 | Abyss:3  | Reached skill level 1 in Spellcasting
 94207 | Abyss:3  | Found a transporter.
 94230 | Abyss:3  | Identified the ring "Damit" {rC+ MR+ AC+3 Dex+2 Slay-5}
                  | (You found it on level 3 of the Abyss)
 94240 | Abyss:3  | Found a transporter.
 94247 | Abyss:3  | Found a shimmering altar of Xom.
 94257 | Abyss:3  | Reached ***** piety under the Shining One
 94269 | Abyss:3  | Found a corrupted altar of Lugonu.
 94569 | Abyss:3  | Reached skill level 5 in Spellcasting
 94693 | Abyss:3  | Reached ****** piety under the Shining One
 94724 | Abyss:3  | Identified a +9 bardiche of holy wrath (a +7 bardiche of
                  | flaming blessed by the Shining One)
 94724 | Abyss:3  | Received a gift from the Shining One
 94887 | Abyss:5  | Entered Level 5 of the Abyss
 95143 | Abyss:5  | Found a corrupted altar of Lugonu.
 95224 | Abyss:5  | Lost intelligence.
 95243 | Depths:4 | Escaped the Abyss
 95266 | Depths:4 | Voluntarily entered the Abyss.
 95266 | Abyss:1  | Found a corrupted altar of Lugonu.
 95398 | Abyss:2  | Found a corrupted altar of Lugonu.
 95528 | Abyss:2  | Found a corrupted altar of Lugonu.
 95570 | Abyss:2  | Found a corrupted altar of Lugonu.
 95940 | Abyss:2  | Found a stormy altar of Qazlal.
 96763 | Abyss:4  | Found a corrupted altar of Lugonu.
 96835 | Abyss:4  | Found a corrupted altar of Lugonu.
 97163 | Abyss:5  | Entered Level 5 of the Abyss
 97261 | Abyss:5  | Found a corrupted altar of Lugonu.
 97263 | Abyss:5  | Got an abyssal rune of Zot
 97301 | Depths:4 | Escaped the Abyss
 97608 | Vaults:3 | Bought a scroll of immolation for 45 gold pieces
 97608 | Vaults:3 | Bought a scroll of teleportation for 39 gold pieces
 97608 | Vaults:3 | Bought a scroll of teleportation for 39 gold pieces
 97608 | Vaults:3 | Bought a scroll of fog for 26 gold pieces
 97884 | Orc:2    | Bought a potion of might for 64 gold pieces
 98197 | Vaults:3 | Bought a potion of agility for 152 gold pieces
 98203 | Vaults:3 | Learned a level 4 spell: Passage of Golubria
 98964 | Pan      | Entered Pandemonium
 99075 | Pan      | Noticed Uxzaent the pandemonium lord
 99104 | Pan      | Killed Uxzaent the pandemonium lord
 99163 | Pan      | Noticed Inkudac the pandemonium lord
 99175 | Pan      | Killed Inkudac the pandemonium lord
 99350 | Pan      | Noticed Mihe the pandemonium lord
 99361 | Pan      | Killed Mihe the pandemonium lord
 99366 | Pan      | Gained mutation: Your spells are a little easier to cast,
                  | but a little less powerful. [a neqoxec]
 99738 | Pan      | Entered the realm of Gloorx Vloq.
 99773 | Pan      | Noticed Gloorx Vloq
 99783 | Pan      | Killed Gloorx Vloq
 99808 | Pan      | Got a dark rune of Zot
 99879 | Pan      | Entered the realm of Cerebov.
100165 | Pan      | Was forgiven by Okawaru
100231 | Pan      | Found an exit through the horrors of the Abyss.
100773 | Pan      | Identified the +6 sword of Cerebov {flame}
100773 | Pan      | Noticed Cerebov
100843 | Pan      | Killed Cerebov
100895 | Pan      | Got a fiery rune of Zot
100905 | Pan      | Identified the Tome of Warped Fire
100918 | Pan      | Identified the ring "Urchicece" {rF+ Str+8 Dex+5} (You
                  | found it in Pandemonium)
101040 | Pan      | Entered the realm of Lom Lobon.
101686 | Pan      | Noticed Lom Lobon
101704 | Pan      | Killed Lom Lobon
101721 | Pan      | Got a magical rune of Zot
101797 | Pan      | Entered the realm of Mnoleg.
101884 | Pan      | Gained mutation: Your flesh is cold resistant. (rC+) [a
                  | neqoxec]
101887 | Pan      | Gained mutation: Your magical capacity is low. (-10% MP) [a
                  | neqoxec]
101888 | Pan      | Gained mutation: You are very clumsy. (Dex -4) [a neqoxec]
101953 | Pan      | Noticed Mnoleg
101977 | Pan      | Killed Mnoleg
101986 | Pan      | Gained mutation: Your body sometimes deteriorates upon
                  | taking damage. [a neqoxec]
102063 | Pan      | Gained mutation: [Scrolls take you much longer to read.] [a
                  | neqoxec]
102089 | Pan      | Identified the Volume of Poisonous Transformation
102150 | Pan      | Got a glowing rune of Zot
102151 | Pan      | Lost mutation: Your body sometimes deteriorates upon taking
                  | damage. [potion of mutation]
102151 | Pan      | Lost mutation: You are very clumsy. (Dex -4) [potion of
                  | mutation]
102151 | Pan      | Lost mutation: You are dopey. (Int -2) [potion of mutation]
102151 | Pan      | Lost mutation: You are clumsy. (Dex -2) [potion of
                  | mutation]
102151 | Pan      | Gained mutation: Your spells are easier to cast, but less
                  | powerful. [potion of mutation]
102151 | Pan      | Gained mutation: Your flesh is very cold resistant. (rC++)
                  | [potion of mutation]
102152 | Pan      | Lost mutation: You occasionally shout uncontrollably at
                  | your foes. [potion of mutation]
102152 | Pan      | Lost mutation: You possess an exceptional clarity of mind.
                  | [potion of mutation]
102152 | Pan      | Lost mutation: Your spells are easier to cast, but less
                  | powerful. [potion of mutation]
102152 | Pan      | Lost mutation: [Scrolls take you much longer to read.]
                  | [potion of mutation]
102152 | Pan      | Gained mutation: You possess an exceptional clarity of
                  | mind. [potion of mutation]
102152 | Pan      | Lost mutation: You possess an exceptional clarity of mind.
                  | [potion of mutation]
102152 | Pan      | Gained mutation: You are highly resistant to hostile
                  | enchantments. (MR++) [potion of mutation]
102152 | Pan      | Gained mutation: You are somewhat resistant to further
                  | mutation. [potion of mutation]
102514 | Pan      | Found a huge runed translucent gate.
102517 | Pan      | Found a huge runed translucent gate.
102518 | Pan      | Found a huge runed translucent gate.
102518 | Pan      | Found a huge runed translucent gate.
102518 | Pan      | Found a huge runed translucent gate.
102518 | Pan      | Found a huge runed translucent gate.
102546 | Pan      | Found a huge runed translucent gate.
102552 | Pan      | Noticed Kodofini the pandemonium lord
102570 | Pan      | Killed Kodofini the pandemonium lord
102710 | Pan      | Found an exit through the horrors of the Abyss.
103177 | Pan      | Identified the +0 pair of gloves of Myzeom {-Tele Regen+
                  | Int+4} (You acquired it in Pandemonium)
103247 | Pan      | Noticed Qeb Neda the pandemonium lord
103269 | Pan      | Killed Qeb Neda the pandemonium lord
103408 | Pan      | Identified the Tome of Transmutation
103811 | Pan      | Noticed Horefucwes the pandemonium lord
103820 | Pan      | Killed Horefucwes the pandemonium lord
103964 | Pan      | Found an exit through the horrors of the Abyss.
104024 | Pan      | Noticed Jucirph the pandemonium lord
104029 | Pan      | Got a demonic rune of Zot
104032 | Pan      | Killed Jucirph the pandemonium lord
104041 | Pan      | Identified the ring of Vodka {Wiz +Blink rElec rC+++ Str-2}
                  | (You found it in Pandemonium)
104281 | Pan      | Found a transporter.
104313 | Pan      | Identified the cursed +1 robe of the Armoured One {rF++
                  | rN+++ Int-2 Dex+2}
104430 | Pan      | Found an exit through the horrors of the Abyss.
104443 | Pan      | Took an exit into the Abyss.
104443 | Abyss:1  | Escaped into the Abyss
104443 | Abyss:1  | Found a corrupted altar of Lugonu.
104453 | Depths:2 | Escaped the Abyss
104465 | Hell     | Entered the Vestibule of Hell
104465 | Hell     | Noticed Geryon
104480 | Hell     | Killed Geryon
104587 | Hell     | Found a gateway to the ashen valley of Gehenna.
104633 | Hell     | Found a gateway to the Iron City of Dis.
104719 | Hell     | Found a gateway to the decaying netherworld of Tartarus.
104771 | Hell     | Found a gateway to the freezing wastes of Cocytus.
104839 | Dis:1    | Entered Level 1 of the Iron City of Dis
104866 | Dis:1    | You fall into a shaft and drop 1 floor!
104886 | Dis:2    | Lost mutation: Your magical capacity is low. (-10% MP)
                  | [potion of mutation]
104886 | Dis:2    | Lost mutation: You are highly resistant to hostile
                  | enchantments. (MR++) [potion of mutation]
104887 | Dis:2    | Lost mutation: Your spells are a little easier to cast, but
                  | a little less powerful. [potion of mutation]
104887 | Dis:2    | Lost mutation: You are somewhat resistant to further
                  | mutation. [potion of mutation]
104887 | Dis:2    | Lost mutation: [Scrolls take you longer to read.] [potion
                  | of mutation]
104887 | Dis:2    | Gained mutation: Your system is resistant to poisons.
                  | (rPois) [potion of mutation]
104887 | Dis:2    | Lost mutation: [Scrolls take you a little longer to read.]
                  | [potion of mutation]
105052 | Dis:5    | You fall into a shaft and drop 1 floor!
105145 | Dis:7    | Entered Level 7 of the Iron City of Dis
105207 | Dis:7    | Gained mutation: [Scrolls take you a little longer to
                  | read.] [a cacodemon]
105298 | Dis:7    | Gained mutation: You are occasionally teleported next to
                  | monsters. [a cacodemon]
105555 | Dis:7    | Lost mutation: [Scrolls take you a little longer to read.]
                  | [potion of mutation]
105555 | Dis:7    | Lost mutation: You are resistant to hostile enchantments.
                  | (MR+) [potion of mutation]
105555 | Dis:7    | Lost mutation: Your system is resistant to poisons. (rPois)
                  | [potion of mutation]
105555 | Dis:7    | Gained mutation: Your flesh is almost immune to the effects
                  | of cold. (rC+++) [potion of mutation]
105555 | Dis:7    | Gained mutation: You are somewhat resistant to further
                  | mutation. [potion of mutation]
105555 | Dis:7    | Gained mutation: You have a pair of small antennae on your
                  | head. [potion of mutation]
105809 | Dis:7    | Identified the +4 staff of Dispater
105809 | Dis:7    | Noticed Dispater
105826 | Dis:7    | Killed Dispater
105842 | Dis:7    | Got an iron rune of Zot
106551 | Coc:1    | Entered Level 1 of Cocytus
107461 | Coc:7    | Entered Level 7 of Cocytus
107716 | Coc:7    | Noticed Antaeus
107736 | Coc:7    | Killed Antaeus
107749 | Coc:7    | Got an icy rune of Zot
108002 | Geh:1    | Entered Level 1 of Gehenna
108009 | Geh:1    | You fall into a shaft and drop 1 floor!
108407 | Geh:7    | Entered Level 7 of Gehenna
108782 | Geh:7    | Identified the +7 sceptre of Asmodeus
108782 | Geh:7    | Noticed Asmodeus
108793 | Geh:7    | Killed Asmodeus
108806 | Geh:7    | Got an obsidian rune of Zot
109743 | Tar:1    | Entered Level 1 of Tartarus
109908 | Tar:2    | Reached skill level 10 in Translocations
110162 | Tar:3    | Learned a level 1 spell: Summon Butterflies
110288 | Tar:4    | Reached skill level 1 in Summonings
110549 | Tar:4    | Reached skill level 5 in Summonings
110737 | Tar:7    | Entered Level 7 of Tartarus
110843 | Tar:7    | Reached skill level 10 in Summonings
110873 | Tar:7    | Identified the ring of Ehog {Fire rN+ Int+3 Dex+7} (You
                  | found it on level 7 of Tartarus)
110933 | Tar:7    | Noticed Ereshkigal
111102 | Tar:7    | Killed Ereshkigal
111129 | Tar:7    | Got a bone rune of Zot
111317 | Zig:1    | Entered Level 1 of a ziggurat
111336 | Zig:2    | Entered Level 2 of a ziggurat
111353 | Zig:3    | Entered Level 3 of a ziggurat
111483 | Zig:4    | Entered Level 4 of a ziggurat
111485 | Zig:4    | Noticed Waorawo the pandemonium lord
111497 | Zig:4    | Cast into level 4 of the Abyss (Waorawo)
111497 | Abyss:4  | Found a corrupted altar of Lugonu.
111867 | Zig:4    | Escaped the Abyss
111875 | Zig:4    | Killed Waorawo the pandemonium lord
111954 | Zig:5    | Entered Level 5 of a ziggurat
111976 | Zig:6    | Entered Level 6 of a ziggurat
112474 | Tomb:1   | Entered Level 1 of the Tomb of the Ancients
113115 | Elf:1    | Bought a potion of lignification for 51 gold pieces
113924 | Lair:6   | Lost mutation: Your flesh is almost immune to the effects
                  | of cold. (rC+++) [potion of mutation]
113924 | Lair:6   | Lost mutation: You have a pair of small antennae on your
                  | head. [potion of mutation]
113924 | Lair:6   | Lost mutation: You are somewhat resistant to further
                  | mutation. [potion of mutation]
113924 | Lair:6   | Gained mutation: Your system is resistant to poisons.
                  | (rPois) [potion of mutation]
113924 | Lair:6   | Gained mutation: You are partially covered in rugged brown
                  | scales. (AC +1, +3% HP) [potion of mutation]
113924 | Lair:6   | Gained mutation: You have an increased reservoir of magic.
                  | (+10% MP) [potion of mutation]
113925 | Lair:6   | Lost mutation: Your flesh is very cold resistant. (rC++)
                  | [potion of mutation]
113925 | Lair:6   | Lost mutation: You are occasionally teleported next to
                  | monsters. [potion of mutation]
113925 | Lair:6   | Gained mutation: You tend to lose your temper in combat.
                  | [potion of mutation]
113925 | Lair:6   | Gained mutation: You are resistant to hostile enchantments.
                  | (MR+) [potion of mutation]
113925 | Lair:6   | Gained mutation: You are partially covered in icy blue
                  | scales. (AC +2) [potion of mutation]
113926 | Lair:6   | Lost mutation: You are partially covered in icy blue
                  | scales. (AC +2) [potion of mutation]
113926 | Lair:6   | Lost mutation: You are resistant to hostile enchantments.
                  | (MR+) [potion of mutation]
113926 | Lair:6   | Lost mutation: You tend to lose your temper in combat.
                  | [potion of mutation]
113926 | Lair:6   | Gained mutation: You expend magic power (3 MP) to
                  | strengthen your wands. [potion of mutation]
113926 | Lair:6   | Gained mutation: Your flesh is heat resistant. (rF+)
                  | [potion of mutation]
116007 | Tomb:1   | Noticed a greater mummy
116014 | Tomb:1   | Killed a greater mummy
116321 | Tomb:2   | Noticed a greater mummy
116324 | Tomb:2   | Noticed a greater mummy
116324 | Tomb:2   | Noticed Boris
116327 | Tomb:2   | Killed a greater mummy
116577 | Tomb:2   | Noticed a greater mummy
116732 | Tomb:3   | Entered Level 3 of the Tomb of the Ancients
116735 | Tomb:3   | Noticed a greater mummy
116741 | Tomb:3   | Noticed a greater mummy
116742 | Tomb:3   | Noticed a greater mummy
116760 | Tomb:3   | Noticed an ancient lich
116763 | Tomb:3   | Killed a greater mummy
116768 | Tomb:3   | Killed a greater mummy
116774 | Tomb:3   | Killed an ancient lich
116796 | Tomb:3   | Noticed a greater mummy
116808 | Tomb:3   | Noticed an ancient lich
116811 | Tomb:3   | Killed an ancient lich
116815 | Tomb:3   | Noticed a greater mummy
116820 | Tomb:3   | Killed a greater mummy
116821 | Tomb:3   | Noticed an ancient lich
116824 | Tomb:3   | Killed an ancient lich
116830 | Tomb:3   | Killed a greater mummy
116832 | Tomb:3   | Noticed a greater mummy
116834 | Tomb:3   | Killed a greater mummy
116847 | Tomb:3   | Killed a greater mummy
116997 | Tomb:3   | Got a golden rune of Zot
117090 | Tomb:3   | Found the +7 great mace "Firestarter" {inner flame, rF++}
117105 | Tomb:3   | Identified the cursed +0 pair of gloves of Ethics {Str+3}
                  | (You found it on level 3 of the Tomb of the Ancients)
117191 | Tomb:2   | Noticed a greater mummy
117194 | Tomb:2   | Killed Boris
117258 | Tomb:2   | Killed a greater mummy
117339 | Tomb:2   | Killed a greater mummy
117360 | Tomb:2   | Killed a greater mummy
118402 | Zot:5    | Noticed an ancient lich
118669 | Zot:5    | Noticed an orb of fire
118679 | Zot:5    | Killed an orb of fire
118684 | Zot:5    | Noticed an ancient lich
118689 | Zot:5    | Killed an ancient lich
118707 | Zot:5    | Killed an ancient lich
118710 | Zot:5    | Noticed an ancient lich
118721 | Zot:5    | Killed an ancient lich
118972 | Zot:5    | Noticed an orb of fire
118985 | Zot:5    | Gained mutation: You do not regenerate when monsters are
                  | visible. [an orb of fire]
118986 | Zot:5    | Killed an orb of fire
118991 | Zot:5    | Killed an ancient lich
118992 | Zot:5    | Noticed an ancient lich
119000 | Zot:5    | Killed an ancient lich
119225 | Zot:5    | Got the Orb of Zot
119575 | D:12     | Noticed Ybyn the pandemonium lord
119654 | D:9      | Lost mutation: You have an increased reservoir of magic.
                  | (+10% MP) [a cacodemon]
120033 | D:$      | Escaped with the Orb!

Levels and vault maps discovered:
D:1:      dpeg_arrival_ratfight, layout_loops_ring, minmay_tromino_i4
D:2:      kennysheep_six_static_rooms, layout_loops_ring,
          nicolae_overflow_quartered_altars, uniq_crazy_yiuf_cottage,
          uniq_sigmund, uniq_jessica
D:3:      layout_loops_ring
D:4:      layout_basic, lemuel_zombie_altar_kikubaaqudgha, first_ration,
          gammafunk_ghost_arena, lemuel_altar_in_water, uniq_pikel,
          uniq_menkaure, uniq_natasha
D:5:      layout_loops_ring, kennysheep_mini_moat, kennysheep_little_box,
          portal_sewer_entry_e, uniq_edmund
D:6:      layout_basic
D:7:      layout_rooms, minmay_temple_entry_glassed_door
D:8:      layout_basic, overflow_temple_1_default, serial_shops,
          nicolae_shop_temple_entry_statues_fountains, uniq_joseph, uniq_psyche
D:9:      layout_irregular_city, uniq_harold
D:10:     layout_big_octagon, erik_orc_2, serial_gnoll_camp,
          gnoll_camp_mini_sergeant, gnoll_camp_mini_hut, gnoll_camp_huts_moat,
          gnoll_camp_mini_hut, gnoll_camp_mini_house, basic_altar, uniq_urug
D:11:     layout_rooms, lair_entry_dummy
D:12:     layout_irregular_city, gammafunk_ghost_cemetery
D:13:     layout_long_grid, gauntlet_entry_generic,
          hangedman_little_slice_of_home, uniq_rupert
D:14:     layout_roguey, david_vaults_5, lemuel_tele_altar
D:15:     hangedman_depths_entry_try_elsewhere_first, layout_basic,
          evilmike_ruin_ashenzari, lemuel_another_geyser
Temple:   eino_temple_water
Lair:1:   layout_gridlike, pond
Lair:2:   regret_index_tunnel_blossom, layout_misc_corridors
Lair:3:   layout_misc_corridors, spider_nest_entry_web_field,
          grunt_forest_small_clearings, st_stairs_5, minivault_19,
          minmay_lair_oklob_chamber
Lair:4:   layout_hall_layers, minmay_shoals_entry_lonely_mermaid,
          beast_lair_carwin_7
Lair:5:   layout_roguey, serial_bayou_shore_b, infiniplex_staircase_pool_2,
          uniq_sonja, uniq_josephine
Lair:6:   hangedman_lair_caniforms_friends, layout_regular_city, slime_altar_1,
          enter_volcano_3, serial_bayou_pond_d, roderic_batcave
Shoals:1: layout_shoals, serial_shops, shop
Shoals:2: layout_shoals, nicolae_shoals_square_sea_wall, st_shoals_ruin,
          uniq_ilsuiw
Shoals:3: layout_shoals, serial_shops, shop
Shoals:4: shoals_end_grunt_ice, layout_shoals, uniq_polyphemus, uniq_mara,
          uniq_bai_suzhen
Spider:1: layout_spider_delve
Spider:2: layout_spider_delve
Spider:3: cheibrodos_spider_silkery, hive_lemuel, nicolae_spider_cling_ruins
Spider:4: spider_rune_water
Slime:1:  layout_caves
Slime:2:  layout_caves
Slime:3:  layout_caves, uniq_dissolution
Slime:4:  layout_caves
Slime:5
Orc:1:    layout_diamond_mine
Orc:2:    st_orc_ogre_mass, layout_caves
Elf:1:    elf_arrival_001, layout_loops_corners, portal_desolation_entry_garden,
          serial_shops, shop, minivault_28, evilmike_spriggan_trog_shrine
Elf:2:    layout_geoelf_grid, serial_shops, shop, serial_glass, glass_columns_a,
          glass_columns_a
Elf:3:    minmay_elf_hall_statues, layout_geoelf_castle, serial_shops,
          nicolae_shop_stone, grunt_ministairs_15, roderic_three_in_a_row
Vaults:1: v_rooms_6, v_misc_33, st_cells, ontoclasm_vaults_chip,
          nicolae_vaults_diagonal_hallway_7, layout_vaults_quadrants,
          serial_shops, shop
Vaults:2: vaults_room_semicircle, ontoclasm_vaults_shuriken,
          minmay_crypt_entry_simple_corners, nicolae_vaults_meeting,
          vaults_room_fancy_cross, vaults_room_grid, vaults_dpeg_spiral,
          ontoclasm_vaults_hangar, nicolae_vaults_network_periphery, v_misc_24,
          vaults_mumra_hex, v_misc_13, v_pattern_4,
          nicolae_vaults_mini_display_case, layout_vaults_omnibox, serial_shops,
          nicolae_shop_stone, uniq_frederick, uniq_mennas, uniq_xtahua
Vaults:3: nicolae_vaults_twisting_passages, nicolae_vaults_little_squares_1,
          nicolae_vaults_asterisk, vaults_mumra_hexcomb, v_misc_1,
          nicolae_vaults_know_your_exits, v_alt_pattern_1, v_misc_30,
          grunt_vaults_hallway_long, ontoclasm_vaults_ligature,
          vaults_dpeg_encased_lava, vaults_room_fancy_cross,
          layout_vaults_maze_bifur, serial_shops, freezing_bzr, shop_fountains,
          shop, nicolae_shop_crystal, uniq_sojobo, uniq_asterion, uniq_boris
Vaults:4: hangedman_vaults_capsules, dpeg_vaults_monster_box, v_pattern_3,
          vaults_mumra_chevron, ontoclasm_vaults_decontamination,
          nicolae_vaults_display_case, dpeg_vaults_monster_row,
          grunt_vaults_diagonal, vaults_room_corners, ontoclasm_vaults_eye,
          hangedman_vaults_impose, v_misc_25, nicolae_vaults_little_squares_4,
          vaults_room_hallway, layout_vaults_ring
Vaults:5
Crypt:1:  layout_basic, hangedman_blasphemy
Crypt:2:  layout_basic
Crypt:3:  grunt_crypt_end_deaths_head
Tomb:1
Tomb:2
Tomb:3:   uniq_jory
Depths:1: cheibrodos_salmonella, layout_long_grid, ebering_ghost_xom,
          hell_entry, dk_noncrumbling_4, minivault_15, minmay_holes,
          kennysheep_pointless_box, minivault_16, feat_on_display
Depths:2: minmay_the_grid_triangle_9x9_recursive_3_mashed
          [minmay_the_grid_triangle_9x9_flanged_cone,
          minmay_the_grid_triangle_9x9_cache,
          minmay_the_grid_triangle_9x9_odd_lines,
          minmay_the_grid_triangle_9x9_prize_special,
          minmay_the_grid_triangle_9x9_subtriangle,
          minmay_the_grid_triangle_9x9_semitri,
          minmay_the_grid_triangle_9x9_warning,
          minmay_the_grid_triangle_9x9_tough_junction,
          minmay_the_grid_triangle_9x9_sprig], layout_gridlike, hell_entry,
          serial_shops, nicolae_shop_waterfront, minmay_misc_feat_four_crosses,
          pan_entry, minmay_variable_closet, eino_curves_01
Depths:3: lemuel_flame_loot_2, layout_gridlike, enter_ziggurat_c,
          infiniplex_staircase_zigzag_2, rand_demon_pan_entry_9, serial_shops,
          bzr_entry_customers, hell_entry, chequers_serial_rivers_room_b,
          uniq_nikola, uniq_margery
Depths:4: minmay_broken_ring, layout_cave_shapes, lightli_too_deep,
          wad_floor_pattern_untrapped, abyss_entry, tgw_lugonu_bribe,
          infiniplex_staircase_pool_1, uniq_saint_roka
Depths:5: grunt_zot_entry_hairpin, layout_gridlike, minivault_11,
          hangedman_tar_grid_catacomb, ebering_ghost_inner_flame,
          trove_entry_hex_spiral
Hell
Dis:1:    layout_gridville
Dis:2:    layout_gridville, nrook_loot_triangle
Dis:3:    layout_subdivisions, lemuel_elevator
Dis:4:    layout_subdivisions, hangedman_dis_decor_tower
Dis:5:    layout_gridville, grunt_dis_stairs_iron_hall
Dis:6:    layout_regular_city, nicolae_dis_strange_trophy_room
Dis:7:    dis_st
Geh:1:    layout_gehenna_pools_box
Geh:2:    layout_gehenna_pools_box
Geh:3:    layout_gehenna_pools_triple
Geh:4:    layout_gehenna_lava_caves
Geh:5:    layout_gehenna_pools_basic
Geh:6:    layout_gehenna_pools_triple
Geh:7:    geh_old
Coc:1:    layout_ice_bergs
Coc:2:    layout_ice_bergs
Coc:3:    layout_cocytus_water_paths
Coc:4:    layout_cocytus_water_paths
Coc:5:    layout_cocytus_water_paths
Coc:6:    layout_cocytus_water_paths
Coc:7:    coc_hangedman
Tar:1:    layout_honeycomb, nicolae_tar_cuneiform_bird,
          nicolae_tar_cuneiform_sun
Tar:2:    layout_honeycomb, lemuel_nasty_fountain
Tar:3:    layout_grid_maze
Tar:4:    grunt_deathspiral_small, layout_cathedral_of_symmetry
Tar:5:    layout_grid_maze, grunt_megastairs_2
Tar:6:    layout_grid_maze, lemuel_nasty_fountain
Tar:7:    tar_grunt_cathedral
Zot:1:    gammafunk_its_a_trap, layout_gridlike
Zot:2:    ebering_greatest_show_in_zot, layout_basic,
          gammafunk_ghost_tricky_traps
Zot:3:    layout_misc_corridors, st_large_dragon_hoard_4
Zot:4:    layout_cathedral_of_symmetry, grunt_megastairs_3
Zot:5:    layout_misc_corridors

Skill      XL: |  1  2  3  4  5  6  7  8  9 10 11 12 13 14 15 16 17 18 19 20 21 22 23 24 25 26 27 |
---------------+----------------------------------------------------------------------------------+-----
Polearms       | 3 4 5 6 7 9 11 13 14 15 17 19 20 21 23 25 26 | 26.1
Fighting       | 3 9 13 14 16 19 20 26 | 26.0
Invocations    | 3 7 10 26 | 26.0
Armour         | 7 9 12 14 16 18 23 | 23.5
Dodging        | 9 10 14 23 | 23.3
Evocations     | 6 11 12 | 12.3
Translocations | 11 | 11.0
Spellcasting   | 6 |  6.7
Summonings     | 13 | 13.3
Throwing       | |  2.1

Action                   |  1- 3 |  4- 6 |  7- 9 | 10-12 | 13-15 | 16-18 | 19-21 | 22-24 | 25-27 || total
-------------------------+-------+-------+-------+-------+-------+-------+-------+-------+-------++-------
Melee: Trident           |    85 |   208 |   558 |   749 |   440 |       |       |       |       ||  2040
       Kick              |    13 |    50 |   128 |   284 |   600 |   414 |   707 |   998 |  2312 ||  5506
       Spear             |       |       |    21 |   257 |       |       |       |       |       ||   278
       Glaive            |       |       |       |       |  1104 |   462 |  1728 |  1106 |       ||  4400
       Punch             |       |       |       |       |     4 |       |       |     5 |       ||     9
       Halberd           |       |       |       |       |     4 |  1019 |    66 |    12 |       ||  1101
       Trishula          |       |       |       |       |       |       |       |   979 |       ||   979
       Bardiche          |       |       |       |       |       |       |       |   184 |  6305 ||  6489
Throw: Throwing net      |       |       |     2 |       |       |       |       |       |       ||     2
 Cast: Blink             |       |       |       |       |       |       |       |       |    33 ||    33
       Apportation       |       |       |       |       |       |       |       |       |    15 ||    15
       Summon Butterflie |       |       |       |       |       |       |       |       |     1 ||     1
Invok: Heroism           |       |       |       |     2 |    22 |    19 |    23 |    24 |    29 ||   119
       Finesse           |       |       |       |       |     7 |    17 |    16 |    18 |    24 ||    82
       Cleansing Flame   |       |       |       |       |       |       |       |       |    93 ||    93
       Summon Divine War |       |       |       |       |       |       |       |       |     8 ||     8
       Brand Weapon With |       |       |       |       |       |       |       |       |     1 ||     1
Evoke: Wand              |       |       |     2 |     9 |     1 |    11 |       |     1 |    18 ||    42
       Lamp of fire      |       |       |       |       |       |     3 |     3 |     1 |       ||     7
       Lightning rod     |       |       |       |       |       |       |       |     2 |     1 ||     3
  Use: Potion            |     2 |     8 |     5 |     4 |     6 |    10 |    11 |    13 |    64 ||   123
       Scroll            |     2 |     2 |    12 |    12 |    19 |    22 |    11 |    35 |    67 ||   182
 Stab: Confused          |       |       |       |     4 |       |       |       |       |       ||     4
       Invisible         |       |       |       |       |     4 |    14 |       |       |       ||    18
       Distracted        |       |       |       |       |       |     3 |     1 |     3 |       ||     7
       Held in net/web   |       |       |       |       |       |     1 |       |       |       ||     1
       Sleeping          |       |       |       |       |       |     1 |       |       |       ||     1
       Paralysed         |       |       |       |       |       |       |       |       |     2 ||     2
  Eat: Chunk             |     1 |     6 |    10 |     8 |    13 |     4 |     3 |     5 |     7 ||    57
       Ration            |       |       |     2 |     5 |     7 |    11 |    10 |     9 |    41 ||    85
Armor: Ring mail         |    22 |    43 |    30 |       |    32 |       |       |       |       ||   127
       Scale mail        |       |       |    93 |   178 |   433 |   570 |     4 |       |       ||  1278
       Skin              |       |       |    44 |       |       |       |       |       |       ||    44
       Chain mail        |       |       |       |       |    71 |       |       |       |       ||    71
       Plate armour      |       |       |       |       |       |       |   603 |   681 |       ||  1284
       Gold dragon scale |       |       |       |       |       |       |       |    50 |    68 ||   118
       Crystal plate arm |       |       |       |       |       |       |       |       |  3064 ||  3064
       Quicksilver drago |       |       |       |       |       |       |       |       |     3 ||     3
Dodge: Dodged            |    23 |    63 |   110 |   119 |   293 |   322 |   348 |   450 |  2997 ||  4725
       Deflected         |       |       |       |       |       |       |       |       |    97 ||    97
Block: Other             |       |       |    23 |    20 |   100 |    91 |    43 |       |       ||   277
       Reflection        |       |       |     2 |       |     4 |     8 |     3 |       |       ||    17
